Cogmind - Beta 10.2 @@@ ROGUE MODE // 2021.08.13 @ 19:29:28 Player: Demise Result: Destroyed by S-43 Plague with Heavy Machine Gun Performance ------------- Evolutions (8) 4000 Regions Visited (37) 7400 Robots Destroyed (373) 1865 Value Destroyed (15850) 15850 Prototype IDs (102) 2040 Alien Tech Used (8) 1600 Bonus (6270) 6270 TOTAL SCORE: 39025 Bonus ------- High Alert Combat Kills 1306 Follower Combat Kills 334 Entered Garrisons 400 Met Data Miner 300 Met Imprinter 300 Destroyed Z-Imprinter 1000 Exposed GOLEM Chamber 500 Met Zhirov 300 Met Warlord at Base 500 MAIN.C Attacked Warlord 500 Warlord Defense Kill 2186 Friendly Fire -1356 Cogmind --------- Core Integrity 0/1450 Matter 207/300 Energy 98/100 System Corruption 0% Temperature Cool (0) Movement Core (50) Location -2/Testing Parts ------- > --- POWER (2) -------- (None) > --- PROPULSION (4) --- (None) > --- UTILITY (16) ----- Enhanced Optical Array Experimental Signal Interpreter Advanced Core Analyzer Improved Armor Integrity Analyzer Experimental Core Shielding Experimental Core Shielding Experimental Core Shielding > --- WEAPON (2) ------- (None) > --- INVENTORY (4) ---- Experimental Energy Well (730) Compact HERF Cannon Plasma Lance Peak State ------------ > --- POWER ------------ Vortex Chain Reactor > --- PROPULSION ------- Spiked Heavy Treads Spiked Heavy Treads > --- UTILITY ---------- Advanced Cooling System High-capacity Storage Unit High-capacity Storage Unit High-capacity Storage Unit Assembled Biocell Array Experimental Sensor Array Experimental Signal Interpreter Advanced Core Analyzer Light Regenerative Plating Advanced Hacking Suite Advanced Hacking Suite Advanced System Shield Ghost Barrier Quantum Router > --- WEAPON ----------- HERF Cannon HERF Cannon > --- INVENTORY -------- Spiked Heavy Treads Spiked Heavy Treads Electron Diverter Cooled Q-thruster Advanced Cooling System Experimental Energy Well Zionite Biocell Makeshift Salvage Targeting Computer Improved Armor Integrity Analyzer Advanced Component Analysis Suite Improved System Restoration Module Long-range Tractor Beam Minesniffer Drone Bay GOLEM Unit Transdimensional Reconstructor HERF Cannon Advanced Plasma Cannon Coil Gun Hypervelocity Gauss Cannon Smartbomb Launcher Fusion Bomb Launcher Molecular Deconstructor Force Lance [Rating: 162] Favorites ----------- Power Micro Fission Core Engine Light Angular Momentum Engine Power Core Micro Fission Core Reactor Zionite Light DM Reactor Propulsion Improved Heavy Siege Treads Treads Improved Heavy Siege Treads Leg Enhanced Flexi-carbon Leg Wheel Armored Huge Wheel Hover Unit Combat Gravmag System Flight Unit Cooled Q-thruster Utility High-capacity Storage Unit Device Experimental Sensor Array Storage High-capacity Storage Unit Processor Advanced Signal Interpreter Hackware Makeshift Hacking Suite Protection Light Regenerative Plating Artifact Matter Drive Weapon Coil Gun Energy Gun Advanced Beam Rifle Energy Cannon Neutron Cannon Ballistic Gun Coil Gun Ballistic Cannon Antimatter Cannon Launcher Heavy Shock Bomb Launcher Special Weapon Molecular Deconstructor Impact Weapon Impact Mace Slashing Weapon Axe Piercing Weapon Kinetic Spear Special Melee Weapon Datajack Build | -11 -10 -10 -10 -9 -8 -8 -8 -7 -7 -7 -7 -7 -7 -6 -6 -6 -6 -6 -6 -5 -5 -5 -5 -5 -4 -4 -4 -4 -4 -4 -4 -3 -3 -3 -3 -2 -2 ------- Run | Scr Mat Min Exi Min Mat Gar Mat Fac Was Fac Low Low Dat Pro Fac Low Low Zio Dee Pro Fac Upp Upp Zhi Pro Fac Was Fac Upp Upp War Pro Res Qua Gar Res Tes Slots Evolved 16 | . . . . . 4 . . 2 . . . . . . 2 . . . . . 2 . . . . 2 . . . . . . 2 . . 2 . Power . | . . . . . . . . . . . . . . . . . . . . . . . . . . . . . . . . . . . . . . Propulsion 2 | . . . . . . . . . . . . . . . 1 . . . . . 1 . . . . . . . . . . . . . . . . Utility 14 | . . . . . 4 . . 2 . . . . . . 1 . . . . . 1 . . . . 2 . . . . . . 2 . . 2 . Weapon . | . . . . . . . . . . . . . . . . . . . . . . . . . . . . . . . . . . . . . . Parts Attached 722 | 7 11 10 2 9 61 7 42 5 12 38 8 27 27 10 35 12 14 16 61 5 52 11 3 12 8 8 2 51 10 11 9 7 56 24 1 4 34 Power 56 | 1 1 2 . . 7 1 1 . 1 1 1 3 2 1 1 3 . . 3 . 4 . . 2 . . . 3 . 4 1 . 4 2 . . 7 Engine 13 | 1 1 2 . . 1 . 1 . 1 . 1 1 . . 1 . . . . . . . . . . . . . . . . . . 1 . . 2 Core 23 | . . . . . 6 1 . . . 1 . 2 . . . 3 . . . . 3 . . 1 . . . 3 . 3 . . . . . . . Reactor 20 | . . . . . . . . . . . . . 2 1 . . . . 3 . 1 . . 1 . . . . . 1 1 . 4 1 . . 5 Propulsion 85 | 2 1 . . 4 6 . 5 . 1 2 . 2 4 1 6 . . 1 14 . 6 . . 3 . 1 . 5 . 2 2 . 7 5 . 1 4 Treads 46 | 2 1 . . 4 6 . 3 . 1 2 . 1 . . 3 . . 1 3 . 5 . . 1 . 1 . 5 . 2 1 . 4 . . . . Leg 12 | . . . . . . . . . . . . . 4 1 1 . . . 5 . 1 . . . . . . . . . . . . . . . . Wheel 2 | . . . . . . . . . . . . . . . . . . . . . . . . . . . . . . . . . . 2 . . . Hover 15 | . . . . . . . 2 . . . . 1 . . 2 . . . 6 . . . . . . . . . . . . . 2 2 . . . Flight 10 | . . . . . . . . . . . . . . . . . . . . . . . . 2 . . . . . . 1 . 1 1 . 1 4 Utility 340 | 2 3 . 2 . 28 3 16 2 7 25 4 10 16 8 20 7 7 9 31 5 30 9 . 4 4 7 1 27 3 1 2 1 20 10 . 1 15 Device 183 | 1 1 . . . 12 . 12 . 6 10 2 6 8 5 10 7 4 3 19 3 17 7 . 2 3 3 . 16 3 1 2 . 12 2 . 1 5 Storage 24 | 1 2 . 2 . . . 1 . . 1 . . 4 . . . 2 1 4 . . . . . . . . . . . . . 2 1 . . 3 Processor 24 | . . . . . 6 . 1 . . 1 . . 1 . 1 . 1 1 . . 1 . . . . . . 1 . . . . 4 4 . . 2 Hackware 15 | . . . . . . . . 1 . . . . . . 2 . . . . . 4 . . . . 2 . 1 . . . 1 2 . . . 2 Protection 91 | . . . . . 10 3 2 1 1 13 2 4 3 3 7 . . 4 8 2 8 2 . 2 1 2 1 9 . . . . . . . . 3 Artifact 3 | . . . . . . . . . . . . . . . . . . . . . . . . . . . . . . . . . . 3 . . . Weapon 241 | 2 6 8 . 5 20 3 20 3 3 10 3 12 5 . 8 2 7 6 13 . 12 2 3 3 4 . 1 16 7 4 4 6 25 7 1 2 8 Energy Gun 50 | 1 3 . . 1 5 . 9 1 1 6 . . . . 1 . 1 . 10 . . . . . . . . 3 . . . . 6 . . . 2 Energy Cannon 43 | . . 3 . . 7 1 2 . 1 3 2 . 4 . . . . . . . . . . . . . . 2 1 2 1 3 10 . . . 1 Ballistic Gun 52 | 1 2 2 . 4 5 . 1 . . . 1 6 1 . 5 1 2 4 1 . . . 2 1 1 . . 6 2 1 . 1 2 . . . . Ballistic Cannon 16 | . . . . . . . . . . . . . . . . . . . . . 7 1 1 . 1 . . 3 1 . . 1 1 . . . . Launcher 36 | . . 1 . . 3 2 . . . . . 3 . . 2 . 2 1 1 . 4 1 . . 1 . . 2 1 1 2 1 4 1 1 . 2 Special Weapon 8 | . 1 2 . . . . . . . . . . . . . . . 1 1 . . . . . . . 1 . . . . . 1 . . 1 . Impact Weapon 7 | . . . . . . . . . 1 1 . 2 . . . . . . . . . . . . . . . . . . . . . 3 . . . Slashing Weapon 12 | . . . . . . . 6 1 . . . 1 . . . . . . . . 1 . . 1 1 . . . 1 . . . . . . . . Piercing Weapon 13 | . . . . . . . . . . . . . . . . 1 2 . . . . . . . . . . . 1 . 1 . 1 3 . 1 3 Special Melee Weapon 4 | . . . . . . . 2 1 . . . . . . . . . . . . . . . 1 . . . . . . . . . . . . . Unidentified Prototypes 58 | . . . . . 3 . 3 . . 1 . 1 3 . 2 1 . 1 11 . 6 . . 4 . . . 1 . . 3 . 2 5 1 . 10 Parts Lost 122 | . . 1 . 3 8 3 1 . . 6 2 . 6 . 5 . 1 . 4 2 9 . . . . . . 8 . 1 1 . 34 7 1 8 11 Power 12 | . . . . . . . 1 . . 1 . . . . 1 . . . . 1 2 . . . . . . . . . . . 4 1 . . 1 Propulsion 22 | . . 1 . 1 2 . . . . 1 . . 1 . 1 . . . . . . . . . . . . 3 . 1 . . 6 . . 2 3 Utility 54 | . . . . . 2 2 . . . 2 1 . 3 . 1 . 1 . 4 1 4 . . . . . . 1 . . . . 16 6 . 4 6 Weapon 34 | . . . . 2 4 1 . . . 2 1 . 2 . 2 . . . . . 3 . . . . . . 4 . . 1 . 8 . 1 2 1 Highest Loss Streak 26 | . . 1 . 3 2 2 1 . . 2 4 . 3 . 3 . 1 . 2 2 3 . . . . . . 3 . 1 1 . 26 4 1 4 11 Average Slot Usage (%) 91 | . 99 87 85 95 97 96 99 100 92 90 89 89 91 99 95 98 98 97 92 97 87 88 88 87 88 89 75 88 89 89 88 84 80 64 49 32 57 Engine 2 | . 14 13 14 14 . . . 7 7 6 . 4 . . 1 6 6 6 . . . . . . . . . . . . . . . 2 . . 1 Core 4 | . . . . . 8 9 8 . . . 6 2 3 . . 5 6 6 . . 4 11 11 11 11 10 10 10 10 9 6 . . . . . . Reactor 1 | . . . . . . . . . . . . . 3 7 2 . . . 10 9 3 . . . . . . . . . 1 5 4 . . . . Treads 10 | . 27 16 14 24 17 18 18 15 8 6 7 6 2 . 6 12 12 16 8 . 7 11 11 10 11 9 10 9 10 9 9 10 8 . . . . Leg 1 | . . . . . . . . . . . . . 7 15 12 . . . 2 18 6 . . . . . . . . . . . . . . . . Hover 1 | . . . . . . . . . . . . . . . . 6 6 1 6 . . . . . . . . . . . . . . 1 . . . Device 11 | . 6 . . . 13 2 8 7 10 14 18 17 17 14 8 12 17 16 19 15 12 6 5 6 10 9 . 8 9 10 9 10 11 8 . . 5 Storage 19 | . 21 28 28 28 18 18 18 23 23 23 23 23 22 23 20 18 19 19 7 25 22 22 22 22 22 20 20 20 20 20 20 20 13 5 4 3 3 Processor 8 | . . . . . 17 18 18 15 12 7 7 7 13 15 11 6 6 9 10 6 5 5 5 5 5 5 5 5 5 5 5 5 8 29 31 22 19 Hackware 7 | . . . . . . . . 7 7 3 . . . . 11 12 4 . . . 10 16 16 16 16 25 20 20 20 20 20 20 19 3 . . 3 Protection 6 | . . . . . 4 13 8 7 5 10 10 12 4 7 5 6 6 6 11 8 2 3 5 2 . . 5 5 5 5 5 5 3 . . . 8 Energy Gun 2 | . 6 . . . 6 . 7 11 . 7 . . . . . . . . 5 . . . . . . . . . . . . . 1 . . . . Energy Cannon 4 | . . 4 28 3 7 5 5 . 6 5 5 . 7 15 2 . . . 3 12 3 . . . . . . 1 3 6 9 5 5 . . . . Ballistic Gun 4 | . 21 22 . 23 2 9 1 . . . 7 8 3 . 8 6 8 11 . . . . . 3 4 5 . 3 2 2 . . . . . . . Ballistic Cannon 1 | . . . . . . . . . . . . . . . . . . . . . 6 10 10 5 4 5 . 3 . . . 4 . . . . . Naked Turns . | . . . . . . . . . . . . . . . . . . . . . . . . . . . . . . . . . . . . . . Heaviest Build 177 | 12 41 53 85 85 92 86 111 112 123 163 130 129 147 175 158 139 143 175 154 154 177 129 128 130 130 127 166 141 137 136 161 161 162 49 14 14 44 Greatest Support 152 | 40 40 40 20 43 44 42 56 56 75 75 70 70 70 56 84 58 58 86 96 84 152 150 150 150 150 150 150 150 150 150 150 150 150 56 56 56 44 Greatest Overweight (x) 41 | . 1 2 4 26 4 2 2 1 39 2 1 41 18 3 4 2 2 2 16 1 1 . . 1 . . 1 1 . 1 2 1 31 15 . 2 14 Average Overweight (x) . | . . 1 2 1 1 1 1 1 1 1 1 1 1 2 1 2 2 1 1 1 . . . . . . 1 . . . . 1 . . . . . Largest Inventory Capacity 30 | 6 16 16 20 20 20 20 28 28 28 30 28 28 28 28 28 28 28 28 28 28 28 28 28 28 28 28 28 28 28 28 28 28 28 12 4 4 10 Average Capacity 23 | 5 12 16 17 20 20 20 20 28 28 28 28 28 21 28 28 28 28 27 10 28 28 28 28 28 28 28 28 28 28 28 28 28 26 6 4 4 7 Most Carried 28 | 2 16 16 20 20 20 20 28 28 28 28 28 28 28 28 28 28 28 28 28 28 28 28 28 28 28 28 28 28 28 28 28 28 28 6 4 3 10 Average Carried 22 | . 10 15 16 19 19 19 20 26 27 27 26 27 19 27 27 27 27 27 9 27 27 27 28 27 28 26 27 26 28 27 27 27 25 3 3 2 6 Final Capacity 28 | 6 16 16 20 20 20 20 28 28 28 28 28 28 28 28 28 28 28 28 28 28 28 28 28 28 28 28 28 28 28 28 28 28 4 4 4 4 4 Final Carried 28 | 2 16 16 20 20 20 20 28 28 28 28 28 28 28 28 28 28 28 28 28 28 28 28 28 28 28 28 27 28 28 28 28 28 4 4 2 3 3 Class Distribution -------------------- 47% | Hauler-Mutant 19% | Wizard-Mutant 10% | Mutant 10% | Hacker-Mutant 8% | Scavenger-Mutant Dominant Class ---------------- Mutant | -10/Materials Mutant | -10/Mines Hauler-Mutant | -10/Exiles Hauler-Mutant | -9/Mines Hauler-Mutant | -8/Materials Hauler-Mutant | -8/Garrison Hauler-Mutant | -8/Materials Trapper-Mutant | -7/Factory Trapper-Mutant | -7/Waste Hauler-Mutant | -7/Factory Hauler-Mutant | -7/Lower Caves Hauler-Mutant | -7/Lower Caves Hauler-Mutant | -7/Data Miner Hauler-Mutant | -6/Proximity Caves Hauler-Mutant | -6/Factory Hauler-Mutant | -6/Lower Caves Hauler-Mutant | -6/Lower Caves Hauler-Mutant | -6/Zion Scavenger-Mutant | -6/Deep Caves Hauler-Mutant | -5/Proximity Caves Hacker-Mutant | -5/Factory Hacker-Mutant | -5/Upper Caves Hacker-Mutant | -5/Upper Caves Hacker-Mutant | -5/Zhirov Hacker-Mutant | -4/Proximity Caves Wizard-Mutant | -4/Factory Wizard-Mutant | -4/Waste Wizard-Mutant | -4/Factory Wizard-Mutant | -4/Upper Caves Wizard-Mutant | -4/Upper Caves Wizard-Mutant | -4/Warlord Wizard-Mutant | -3/Proximity Caves Wizard-Mutant | -3/Research Mutant | -3/Quarantine Mutant | -3/Garrison Mutant | -2/Research Assassin | -2/Testing Resources | -11 -10 -10 -10 -9 -8 -8 -8 -7 -7 -7 -7 -7 -7 -6 -6 -6 -6 -6 -6 -5 -5 -5 -5 -5 -4 -4 -4 -4 -4 -4 -4 -3 -3 -3 -3 -2 -2 ----------- Run | Scr Mat Min Exi Min Mat Gar Mat Fac Was Fac Low Low Dat Pro Fac Low Low Zio Dee Pro Fac Upp Upp Zhi Pro Fac Was Fac Upp Upp War Pro Res Qua Gar Res Tes Matter Collected 12273 | 303 256 235 20 222 787 217 400 50 140 398 138 383 360 106 523 201 166 25 1050 225 757 446 166 184 188 106 361 1260 453 194 176 184 872 245 . . 476 Remotely 1226 | . . . . . 58 . . . . . . 118 . . . 13 . . 409 . 169 55 . . . . . 123 . . . . 281 . . . . Salvage Created 21727 | 167 349 239 . 302 2110 926 812 50 608 1229 98 134 395 244 878 138 193 . 1480 351 1644 328 56 431 578 106 1083 1892 335 173 1339 178 2070 303 . . 508 Parts 828 | 8 28 12 . 28 85 38 36 4 6 54 5 5 13 5 60 8 8 . 25 22 71 7 . 2 9 6 . 92 7 2 37 6 107 9 . . 23 Haulers Intercepted 15 | . 1 . . . 4 . 3 1 . 2 . . . . 1 . . . . . 1 . . . . . . . . . . . 1 . . . 1 Recyclers Shooed 12 | 1 . 1 . 2 1 . . . . 1 . . . . . . . . . . 1 . . . . 1 . 4 . . . . . . . . . Parts Field Recycled . | . . . . . . . . . . . . . . . . . . . . . . . . . . . . . . . . . . . . . . Retrieved Matter . | . . . . . . . . . . . . . . . . . . . . . . . . . . . . . . . . . . . . . . Parts Self-Destructed 115 | . . . . . . . . . . . 1 1 . 5 . 7 9 . . 14 . 2 . . 2 . . . 3 1 69 1 . . . . . Prevented 62 | . . . . . . . . . . . 2 4 . . . 1 1 . . . . 7 . . 6 . . . 3 3 30 5 . . . . . Kills | -11 -10 -10 -10 -9 -8 -8 -8 -7 -7 -7 -7 -7 -7 -6 -6 -6 -6 -6 -6 -5 -5 -5 -5 -5 -4 -4 -4 -4 -4 -4 -4 -3 -3 -3 -3 -2 -2 ------- Run | Scr Mat Min Exi Min Mat Gar Mat Fac Was Fac Low Low Dat Pro Fac Low Low Zio Dee Pro Fac Upp Upp Zhi Pro Fac Was Fac Upp Upp War Pro Res Qua Gar Res Tes Combat Hostiles Destroyed 295 | . 9 6 . 10 33 17 10 . . 19 1 3 4 4 11 1 3 . 16 3 27 4 . . 3 4 6 38 3 2 16 5 32 2 . 1 2 Melee 4 | . . . . . . . . . . . . . . . . 1 . . . . . . . . . . . 1 . . . . 1 . . . 1 Guns 96 | . 9 3 . 9 10 1 3 . . 11 1 . 2 . 7 . . . 11 . . . . . . 2 . 21 . . . 1 5 . . . . Cannons 71 | . . . . 1 15 1 5 . . 7 . . 2 4 . . . . . 3 14 . . . . 2 . 7 . 2 . . 8 . . . . AOE 79 | . . 3 . . 5 12 . . . . . 2 . . 4 . 3 . 2 . 8 3 . . 2 . . 8 3 . 9 2 10 2 . 1 . Classes Destroyed 26 | 2 4 2 . 2 3 1 . . . 1 . 1 . 1 . 2 . . 2 1 . . . . . . 1 . . . 3 . . . . . . Worker 19 | . . 1 . 1 3 . 1 . . 1 . . . . 2 . . . . . 4 . . . . . . 1 . . . . 5 . . . . Builder 19 | . . . . 1 3 . . . . . . . . . 5 . . . . . 1 . . . . . . 1 . . . . 8 . . . . Tunneler 5 | 3 . 1 . . . . . . . . . . . . . . . . . . . . . . . . . 1 . . . . . . . . . Hauler 15 | . 1 . . . 4 . 3 1 . 2 . . . . 1 . . . . . 1 . . . . . . . . . . . 1 . . . 1 Recycler 15 | 1 . 1 . . 3 . . . . 3 . . . . 1 . . . . . 1 . . . . . . 1 . . . . . 2 . . 2 Minesweeper 1 | . . . . . . . . . . . . . . . . 1 . . . . . . . . . . . . . . . . . . . . . Mechanic 1 | . . . . . 1 . . . . . . . . . . . . . . . . . . . . . . . . . . . . . . . . Operator 3 | . . . . . 2 . . . . . . . . . . . . . . . . . . . . . . . . . . . . . . . 1 Watcher 10 | . 3 . . . 3 . 2 . . . . . . . . . . . . . . . . . . . . . . . . . 1 1 . . . Swarmer 59 | . 6 3 . 7 6 . . . . 3 . . . . 3 . 3 . . . 6 . . . . . . 10 3 . . 3 5 . . . 1 Grunt 92 | . 3 2 . 1 16 13 4 . . 6 . 1 . 2 3 1 . . . . 11 4 . . 2 . . 6 . 1 10 . 5 . . . 1 Brawler 4 | . . . . . . . . . . . . . . 1 1 . . . . . . . . . . . . . . . 1 . 1 . . . . Duelist 2 | . . . . . . 1 . . . 1 . . . . . . . . . . . . . . . . . . . . . . . . . . . Protector 1 | . . . . . . . . . . . . . . . . . . . . . . . . . . . . . . . 1 . . . . . . Sentry 39 | . . . . 2 9 3 6 . . 3 1 . . . 2 . . . . . 2 . . . 1 1 . 5 . 1 . . 2 . . 1 . Demolisher 2 | . . . . . . . . . . . . . . . . . . . . . . . . . . . . . . . 2 . . . . . . Specialist 2 | . . . . . . . . . . . . . . . . . . . . . . . . . . . . . . . 2 . . . . . . Hunter 28 | . . . . . 2 . . . . 4 . 1 . . . . . . . 2 4 . . . . . . 6 . . . 2 7 . . . . Programmer 38 | . . . . . . . . . . 2 . 1 . 1 2 . . . . . 4 . . . . 3 . 11 . . . . 12 2 . . . Behemoth 1 | . . . . . . . . . . . . . . . . . . . . 1 . . . . . . . . . . . . . . . . . Compactor 6 | . . . . . . . . . . . . . . . . . . . . . . . . . . . 6 . . . . . . . . . . Enhanced Grunt 4 | . . . . . . . . . . . . . 4 . . . . . . . . . . . . . . . . . . . . . . . . Z-Technician 5 | . . . . . . . . . . . . . . . . . . . 5 . . . . . . . . . . . . . . . . . . Z-Light 2 | . . . . . . . . . . . . . . . . . . . 2 . . . . . . . . . . . . . . . . . . Decomposer 2 | . . . . . . . . . . . 1 . . . . 1 . . . . . . . . . . . . . . . . . . . . . Packrat 3 | . . . . . . . . . . . . . . . . . . . . . . 1 1 . . . . . . 1 . . . . . . . Samaritan 4 | . . . . . . . . . . . . . . . . 1 . . . 3 . . . . . . . . . . . . . . . . . Tinkerer 1 | . . . . . . . . . . . . 1 . . . . . . . . . . . . . . . . . . . . . . . . . Assembled 7 | . . 1 . . . . . . . . . . . . . . . . 6 . . . . . . . . . . . . . . . . . . Golem 7 | . . . . . . . . . . . . . . . . . . . 7 . . . . . . . . . . . . . . . . . . Thug 1 | . . . . . . . . . . . . . . . . . . . . . . . . . . . . . . . 1 . . . . . . Savage 1 | . . . . . . . . . . . . . . . . . . . . . . . . . . . . . 1 . . . . . . . . Best Kill Streak 11 | 3 3 3 . 3 6 7 2 1 . 3 1 1 2 1 6 1 3 . 3 2 7 4 1 . 3 2 4 7 2 1 11 3 11 2 . 1 1 Combat Bots Only 11 | . 3 3 . 2 4 7 2 . . 3 1 1 2 1 3 1 3 . 3 2 4 4 . . 3 2 4 5 2 1 11 3 9 2 . 1 1 Max Kills in Single Turn 5 | 1 1 2 . 1 3 2 1 1 . 2 1 1 1 1 3 1 3 . 1 1 3 3 1 . 1 1 1 3 1 1 4 2 5 1 . 1 1 Gunslinging 1 | . . . . . . . . . . . . . . . . . . . . . . . . . . . . . . . . . 1 . . . . Exploded 4 | . . 2 . . 3 2 . . . . . 1 . . 2 . 3 . 1 . 2 3 . . 1 . . 3 1 . 3 2 4 1 . 1 . Melee 1 | . . . . . . . . . . . . . . . . 1 . . . . . . . . . . . 1 . . . . 1 . . . 1 Uniques/NPCs Destroyed 2 | . . . . . . . . . . . . . 1 . . . . . 1 . . . . . . . . . . . . . . . . . . Data Miner (-7/Data Miner) Z-Imprinter (-6/Deep Caves) Combat | -11 -10 -10 -10 -9 -8 -8 -8 -7 -7 -7 -7 -7 -7 -6 -6 -6 -6 -6 -6 -5 -5 -5 -5 -5 -4 -4 -4 -4 -4 -4 -4 -3 -3 -3 -3 -2 -2 -------- Run | Scr Mat Min Exi Min Mat Gar Mat Fac Was Fac Low Low Dat Pro Fac Low Low Zio Dee Pro Fac Upp Upp Zhi Pro Fac Was Fac Upp Upp War Pro Res Qua Gar Res Tes Damage Taken 32489 | 22 296 274 . 566 2362 534 463 . . 1393 209 209 908 356 1054 39 109 . 1749 636 1875 56 . . 175 872 361 5637 168 67 912 607 5896 1507 75 1491 1611 Core 4990 | . 25 32 . 184 331 85 74 . . 126 19 80 171 19 205 . . . 292 48 181 18 . . 25 70 . 360 28 23 119 23 730 279 . 889 554 Absorbed by Shields 327 | . . . . 33 . . . . . . . . . . 13 . . . 281 . . . . . . . . . . . . . . . . . . Reduced by Siege Mode 1027 | . . . . . . . . . . . . . . . . . . . . . 16 . . . . . . 685 . . 36 12 278 . . . . Redirected to Core 191 | . . . . . . . . . . . . . . . . . . . . . . . . . . . . . . . . . . 191 . . . Core Remaining (%) 41 | 100 . . . 3 . . 10 . . . . . . 40 . . . . . 35 . . . . 77 . . . . . . 45 . . 20 . . Volleys Fired 1294 | 11 31 33 . 35 152 36 35 6 2 96 12 11 28 35 49 . 5 2 167 30 94 7 13 . 12 34 18 125 29 11 17 43 97 3 1 10 4 Largest 2 | 2 2 2 . 2 2 2 2 2 1 2 2 2 2 2 2 . 2 1 2 2 2 2 2 . 2 2 1 2 2 2 2 2 2 1 1 1 1 Hottest 180 | 60 100 150 . 150 150 86 124 122 90 151 90 56 180 180 180 . 80 . 146 50 80 80 80 . 75 75 . 166 118 118 176 176 176 52 52 52 94 Shots Fired 1997 | 22 60 57 . 63 267 41 68 11 2 151 15 12 50 70 81 . 9 2 193 60 148 11 26 . 18 49 18 211 35 12 19 53 145 3 1 10 4 Gun 879 | 22 58 40 . 57 138 9 39 11 1 79 5 2 29 . 61 . 5 . 150 . . . . . 6 17 . 109 7 1 . 5 27 . . . 1 Cannon 909 | . . 8 . 6 121 5 29 . 1 72 10 . 21 70 15 . . . 22 60 126 8 26 . 6 32 . 92 15 6 6 46 103 . . . 3 Launcher 164 | . . 2 . . 8 27 . . . . . 10 . . 5 . 4 . 8 . 22 3 . . 6 . . 10 13 5 13 2 13 3 1 9 . Special 45 | . 2 7 . . . . . . . . . . . . . . . 2 13 . . . . . . . 18 . . . . . 2 . . 1 . Kinetic 703 | 11 43 40 . 49 49 9 5 . . . 5 2 29 . 61 . 4 . 37 . 68 8 26 . 12 49 . 149 10 1 . 12 24 . . . . Thermal 850 | . 15 15 . 6 210 . 10 11 2 148 7 . 21 70 15 . 1 . 103 60 58 . . . . . . 30 . . . 29 38 . . . 1 Explosive 45 | . . 2 . . 2 . . . . . . 5 . . . . . . . . . . . . . . . 3 . 5 . 2 13 3 1 9 . Electromagnetic 331 | 11 2 . . 8 6 32 53 . . 3 3 5 . . 5 . 4 . 8 . 22 3 . . 6 . . 29 25 6 19 10 68 . . . 3 Phasic 32 | . . . . . . . . . . . . . . . . . . . 32 . . . . . . . . . . . . . . . . . . Robot Hit Streak 37 | 9 6 16 . 8 26 15 13 8 7 15 7 10 19 7 15 . . . 34 9 28 6 2 . . 23 11 37 6 5 12 15 15 3 . 1 2 Robot Miss Streak 5 | 2 4 2 . 4 4 2 1 1 . 3 1 . 2 2 3 . 1 . 4 1 3 . 1 . . 1 1 3 1 1 2 5 3 . . 1 1 Penetration Max 1 | . . . . . . . . . . . . . 1 . 1 . 1 . 1 . . . . . . . . 1 . . . . . . . . . Secondary Targets 4 | . 1 . . 1 . . . . . . . . . . . . . . 1 . . . . . . . . . . . . . 1 . . . . Max Gunslinging Chain 1 | . 1 . . 1 . . . . . . . . . . . . . . 1 . . . . . . . . . . . . . 1 . . . . Capacitor 34 | . . . . . . . . . . . . . . . . . . . 34 . . . . . . . . . . . . . . . . . . Shots Hit Robots 1208 | 17 32 35 . 39 183 26 50 11 14 85 7 4 35 22 50 7 . . 106 26 87 4 2 17 10 25 16 134 13 4 14 13 100 9 . 1 10 Core Hits 698 | 4 17 13 . 16 76 30 21 2 6 38 4 7 22 8 35 5 6 . 69 7 45 8 1 4 8 8 . 84 8 7 35 7 78 7 . 5 7 Critical Hits 54 | . . . . . 4 . . . . . . . 1 . 3 . 1 . 1 . 1 . . . 1 2 . 22 . . 1 . 14 2 . . 1 Critical Kills 18 | . . . . . 1 . . . . . . . 1 . . . . . . . . . . . . . . 9 . . . . 5 1 . . 1 Critical Parts Destroyed 30 | . . . . . 3 . . . . . . . . . 3 . 1 . . . 1 . . . 1 1 . 11 . . 1 . 7 1 . . . Melee Attacks 174 | . . . . . . . 16 3 12 4 . 12 5 . . 25 11 . . . 1 . . 17 12 . . . 1 6 3 . 7 13 1 . 25 Kinetic 5 | . . . . . . . . . . . . . . . . . . . . . . . . . . . . . . . . . . 4 1 . . Impact 14 | . . . . . . . . . . 4 . 10 . . . . . . . . . . . . . . . . . . . . . . . . . Slashing 63 | . . . . . . . 16 2 12 . . 2 5 . . . . . . . 1 . . 13 12 . . . . . . . . . . . . Piercing 87 | . . . . . . . . . . . . . . . . 25 11 . . . . . . . . . . . 1 6 3 . 7 9 . . 25 Sneak Attacks 17 | . . . . . . . 1 1 . 2 . 1 1 . . 3 . . . . . . . 3 . . . . . . . . . 2 . . 3 Combat Hostiles . | . . . . . . . . . . . . . . . . . . . . . . . . . . . . . . . . . . . . . . Follow-up Attacks . | . . . . . . . . . . . . . . . . . . . . . . . . . . . . . . . . . . . . . . Damage Inflicted 49624 | 261 386 676 . 606 4465 1396 1346 180 995 2417 124 594 1101 820 1850 468 208 . 3576 1277 4767 553 78 1718 1715 893 29 5257 651 351 2355 754 5602 887 . 363 905 Guns 13373 | 223 386 422 . 529 1622 70 510 180 17 1152 62 . 581 . 1226 . 134 . 2646 . . . . . . 401 . 2521 86 . . 75 530 . . . . Cannons 16163 | . . 45 . 77 2110 88 570 . 39 886 62 . 419 820 184 . . . 808 1277 3097 69 78 . . 492 . 1504 380 220 147 310 2386 . . . 95 Explosions 13282 | 38 . 209 . . 704 1238 155 . . 136 . 483 . . 440 . 74 . 118 . 1655 484 . . 434 . . 1157 185 131 2208 369 2405 296 . 363 . Melee 6626 | . . . . . . . 111 . 939 242 . 111 101 . . 468 . . . . . . . 1718 1281 . . . . . . . 264 581 . . 810 Ramming 180 | . . . . . 29 . . . . 1 . . . . . . . . 4 . 15 . . . . . 29 75 . . . . 17 10 . . . Kinetic 10559 | 107 227 422 . 443 433 70 46 . . . 62 . 581 . 1226 . 134 . 577 . 1421 69 78 . . 893 . 2826 86 . . 122 449 287 . . . Thermal 15493 | 38 135 45 . 77 3299 123 296 180 56 1958 . . 419 820 358 . . . 1986 1277 1790 110 . . 57 . . 1061 . . 754 . 654 . . . . Explosive 5088 | . . 209 . . 368 . . . . 136 . 343 . . . . . . . . . . . . . . . 468 . 131 . 369 2405 296 . 363 . Electromagnetic 11074 | 116 24 . . 86 336 1203 893 . . 80 62 140 . . 266 . 74 . 118 . 1541 374 . . 377 . . 827 565 220 1601 263 1813 . . . 95 Impact 353 | . . . . . . . . . . 242 . 111 . . . . . . . . . . . . . . . . . . . . . . . . . Slashing 4150 | . . . . . . . 111 . 939 . . . 101 . . . . . . . . . . 1718 1281 . . . . . . . . . . . . Piercing 1836 | . . . . . . . . . . . . . . . . 468 . . . . . . . . . . . . . . . . 264 294 . . 810 Phasic 891 | . . . . . . . . . . . . . . . . . . . 891 . . . . . . . . . . . . . . . . . . Highest Corruption 32 | . 1 1 1 1 . . . . . 4 4 1 1 . 1 1 . . 7 . 3 3 . . . 4 5 11 11 . . . 31 32 32 . . Average Corruption 4 | . 1 1 1 1 . . . . . 3 3 1 1 . 1 1 . . 4 . 1 2 . . . 3 4 5 6 . . . 14 31 32 . . Corruption Purged 38 | . . . . . . . . . . . 4 . 1 . . 1 . . 7 . 2 3 . . . 2 . 5 11 . . . 1 1 . . . Effects 325 | . 4 5 1 4 . . . . . 23 22 9 . . 3 6 . . 16 . 6 3 . . . 3 15 49 19 . . . 86 41 10 . . Message Errors 64 | . 2 2 1 2 . . . . . 6 6 4 . . 2 4 . . 2 . 2 2 . . . 1 4 8 4 . . . 4 7 1 . . Matter Fused 55 | . . . . . . . . . . 3 8 . . . . . . . 6 . . 1 . . . 1 3 10 5 . . . 10 7 1 . . Heat Flow Errors 30 | . . . . . . . . . . 6 4 . . . . . . . 2 . 1 . . . . . 1 7 3 . . . 5 . 1 . . Energy Discharges 38 | . 1 . . . . . . . . 2 2 3 . . . . . . 2 . . . . . . 1 3 5 2 . . . 11 4 2 . . Parts Rejected 2 | . . . . . . . . . . . . . . . . . . . . . . . . . . . . 1 . . . . 1 . . . . Data Loss (minor) 42 | . 1 2 . 1 . . . . . 1 1 2 . . 1 1 . . 4 . 1 . . . . . 3 5 1 . . . 11 6 1 . . Data Loss (major) 8 | . . . . . . . . . . . . . . . . . . . . . . . . . . . 1 3 . . . . 4 . . . . Misfires 1 | . . . . . . . . . . . . . . . . . . . . . . . . . . . . 1 . . . . . . . . . Alerts 3 | . . . . . . . . . . . . . . . . . . . . . . . . . . . . . . . . . . 2 1 . . Misdirections 17 | . . . . . . . . . . . . . . . . . . . . . . . . . . . . . 1 . . . 4 10 2 . . Targeting Errors 57 | . . . . . . . . . . 4 1 . . . . 1 . . . . 1 . . . . . . 8 3 . . . 33 5 1 . . Weapon Failures 8 | . . 1 . 1 . . . . . 1 . . . . . . . . . . 1 . . . . . . 1 . . . . 3 . . . . Overload Shots . | . . . . . . . . . . . . . . . . . . . . . . . . . . . . . . . . . . . . . . Overflow Damage 3287 | 2 . 12 . . 46 7 23 . 177 66 . 86 . 73 7 50 . . 313 97 307 8 14 779 609 . . 82 63 40 69 . 182 . . 16 159 Projectiles 983 | . . . . . 31 . 23 . . 21 . . . 73 . . . . 313 97 256 8 14 . . . . 17 58 40 32 . . . . . . Explosions 403 | 2 . 12 . . 15 7 . . . 1 . . . . 7 . . . . . 51 . . . 3 . . 65 5 . 37 . 182 . . 16 . Melee 1901 | . . . . . . . . . 177 44 . 86 . . . 50 . . . . . . . 779 606 . . . . . . . . . . . 159 Knockbacks 38 | . . . . . 1 . . . . . . 1 . . . . . . . . 11 . . . . 2 . 17 . . . 2 3 1 . . . Impact 3 | . . . . . 1 . . . . . . 1 . . . . . . . . . . . . . . . . . . . . . 1 . . . Kinetic 34 | . . . . . . . . . . . . . . . . . . . . . 11 . . . . 2 . 16 . . . 2 3 . . . . Secondary 1 | . . . . . . . . . . . . . . . . . . . . . . . . . . . . 1 . . . . . . . . . Self-Inflicted Damage 887 | 22 . . . . . 12 37 . . . . . . . 43 . . . 2 . 95 . . . 23 . . 103 5 . 59 . 387 5 20 74 . Shots 24 | 1 . . . . . 2 1 . . . . . . . 1 . . . 1 . 2 . . . 2 . . 3 1 . 1 . 7 . 1 1 . Rammed 21 | . . . . . 3 . . . . 1 . . . . . . . . 1 . 1 . . . . . 4 9 . . . . 1 1 . . . Targets Rammed 23 | . . . . . 4 . . . . 1 . . . . . . . . 1 . 1 . . . . . 4 9 . . . . 2 1 . . . Kicked . | . . . . . . . . . . . . . . . . . . . . . . . . . . . . . . . . . . . . . . Crushed 2 | . . . . . 1 . . . . . . . . . . . . . . . . . . . . . . . . . . . 1 . . . . Highest Temperature 693 | 12 105 149 . 110 351 69 189 90 42 232 213 . 212 440 342 . . . 693 . 197 43 65 2 . . 247 263 330 132 15 15 218 . 126 . 189 Average Temperature 53 | 12 36 32 . 42 60 29 45 42 19 57 74 . 83 111 209 . . . 169 . 12 2 3 1 . . 39 55 123 40 8 8 44 . 53 . 41 Received Heat Transfer 4117 | . 24 75 . 99 882 162 189 . . 300 54 . . 162 186 18 42 . 430 72 321 27 . . 18 81 . 240 . 12 111 . 312 138 9 63 90 Effects 33 | . . . . . . . . . . . . . . 3 . . . . 29 . . . . . . . . . 1 . . . . . . . . Shutdowns 2 | . . . . . . . . . . . . . . 1 . . . . . . . . . . . . . . 1 . . . . . . . . Energy Bleed 5 | . . . . . . . . . . . . . . 1 . . . . 4 . . . . . . . . . . . . . . . . . . Interference 5 | . . . . . . . . . . . . . . . . . . . 5 . . . . . . . . . . . . . . . . . . Matter Decay 2 | . . . . . . . . . . . . . . . . . . . 2 . . . . . . . . . . . . . . . . . . Damage (minor) 5 | . . . . . . . . . . . . . . 1 . . . . 4 . . . . . . . . . . . . . . . . . . Damage (major) 12 | . . . . . . . . . . . . . . . . . . . 12 . . . . . . . . . . . . . . . . . . Damage (core) 2 | . . . . . . . . . . . . . . . . . . . 2 . . . . . . . . . . . . . . . . . . Siege Activations 24 | . . . . . . . . . . 1 . . . . . . . . . . 1 . . . . 1 . 11 . . 3 1 6 . . . . Total Turns 326 | . . . . . . . . . . 6 . . . . . . . . . . 20 . . . . 2 . 159 . . 27 11 101 . . . . Longest Duration 30 | . . . . . . . . . . 6 . . . . . . . . . . 20 . . . . 2 . 30 . . 16 11 25 . . . . Robots Corrupted 36 | . . . . . 2 3 2 . . . . 1 . . . . . . . . 6 1 . . 1 . . 1 1 . 7 2 8 . . . 1 Combat Hostiles 32 | . . . . . 2 3 2 . . . . 1 . . . . . . . . 5 1 . . 1 . . 1 . . 7 2 6 . . . 1 Parts Fried 87 | . 1 . . 1 2 10 6 . . 3 . 4 . . 1 . . . . . 12 4 . . 3 . . 8 1 . 17 2 11 . . . 1 Impact Corruptions 5 | . . . . . . . . . . 2 . 2 . . . . . . . . . . . . . . . 1 . . . . . . . . . Robots Melted 2 | . . . . . 1 . . . . 1 . . . . . . . . . . . . . . . . . . . . . . . . . . . Combat Hostiles 2 | . . . . . 1 . . . . 1 . . . . . . . . . . . . . . . . . . . . . . . . . . . Parts Melted 27 | . 1 . . . 15 1 1 . . 3 . . . . 1 . . . 2 . 2 . . . . . . . . . . . 1 . . . . Heat Transferred 16833 | 50 333 74 . 111 5661 150 409 370 62 2560 . . 350 525 275 . . . 1683 650 1025 . . . . . . 1295 . . 450 . 800 . . . . Parts Sabotaged . | . . . . . . . . . . . . . . . . . . . . . . . . . . . . . . . . . . . . . . Parts Stolen . | . . . . . . . . . . . . . . . . . . . . . . . . . . . . . . . . . . . . . . Parts Stripped . | . . . . . . . . . . . . . . . . . . . . . . . . . . . . . . . . . . . . . . Power Chain Reactions 19 | 1 . . . . . 4 2 . . . . . . . 3 . . . . . 1 1 . . 1 . . 2 . . 4 . . . . . . Missiles Intercepted . | . . . . . . . . . . . . . . . . . . . . . . . . . . . . . . . . . . . . . . Alert | -11 -10 -10 -10 -9 -8 -8 -8 -7 -7 -7 -7 -7 -7 -6 -6 -6 -6 -6 -6 -5 -5 -5 -5 -5 -4 -4 -4 -4 -4 -4 -4 -3 -3 -3 -3 -2 -2 ------- Run | Scr Mat Min Exi Min Mat Gar Mat Fac Was Fac Low Low Dat Pro Fac Low Low Zio Dee Pro Fac Upp Upp Zhi Pro Fac Was Fac Upp Upp War Pro Res Qua Gar Res Tes Peak Influence 1071 | 20 179 182 . 184 494 988 535 95 33 341 . . . . 468 . . . . . 616 . . . . 113 . 1071 . . . . 719 592 342 733 565 Initial 481 | . 13 22 . . . 297 481 71 33 . . . . . . . . . . . 18 . . . . . . . . . . . 33 393 299 192 411 Average 211 | 10 75 43 . 71 186 759 283 81 13 127 . . . . 167 . . . . . 338 . . . . 27 . 381 . . . . 200 458 312 422 490 Maximum Alert Level 3 | . . . . . 2 3 2 . . 1 . . . . 2 . . . . . 2 . . . . . . 3 . . . . 3 2 1 3 2 Low Security (%) 64 | 100 100 100 . 100 59 . 41 100 100 78 . . . . 70 . . . . . 29 . . . . 100 100 52 . . . . 55 . . 14 . Level 1 13 | . . . . . 27 9 37 . . 21 . . . . 13 . . . . . 11 . . . . . . . . . . . 23 10 100 20 . Level 2 17 | . . . . . 12 17 21 . . . . . . . 16 . . . . . 59 . . . . . . 15 . . . . 19 89 . 63 99 Level 3 5 | . . . . . . 72 . . . . . . . . . . . . . . . . . . . . . 31 . . . . . . . 1 . Level 4 . | . . . . . . . . . . . . . . . . . . . . . . . . . . . . . . . . . . . . . . Level 5 . | . . . . . . . . . . . . . . . . . . . . . . . . . . . . . . . . . . . . . . High Security . | . . . . . . . . . . . . . . . . . . . . . . . . . . . . . . . . . . . . . . Max Security . | . . . . . . . . . . . . . . . . . . . . . . . . . . . . . . . . . . . . . . Squads Dispatched 75 | . 2 . . . 10 . 6 2 . 10 . . . . 9 . . . . . 8 . . . . 1 . 12 . . . . 7 4 . 1 3 Investigation 23 | . 2 . . . 4 . 1 . . 6 . . . . 3 . . . . . 2 . . . . . . 1 . . . . . 2 . 1 1 Extermination 19 | . . . . . . . . . . 2 . . . . 3 . . . . . 3 . . . . 1 . 6 . . . . 3 1 . . . Reinforcement 23 | . . . . . 3 . . 2 . 2 . . . . 3 . . . . . 3 . . . . . . 4 . . . . 3 1 . . 2 Assault 4 | . . . . . 2 . . . . . . . . . . . . . . . . . . . . . . 1 . . . . 1 . . . . Garrison 6 | . . . . . 1 . 5 . . . . . . . . . . . . . . . . . . . . . . . . . . . . . . Intercept . | . . . . . . . . . . . . . . . . . . . . . . . . . . . . . . . . . . . . . . Construction Impeded 8 | . . . . . 1 . . . . . . . . . . . . . . . 2 . . . . . . 2 . . . . 3 . . . . Haulers Reinforced 3 | . . . . . . . . 1 . 1 . . . . . . . . . . . . . . . . . . . . . . . . . . 1 Stealth | -11 -10 -10 -10 -9 -8 -8 -8 -7 -7 -7 -7 -7 -7 -6 -6 -6 -6 -6 -6 -5 -5 -5 -5 -5 -4 -4 -4 -4 -4 -4 -4 -3 -3 -3 -3 -2 -2 --------- Run | Scr Mat Min Exi Min Mat Gar Mat Fac Was Fac Low Low Dat Pro Fac Low Low Zio Dee Pro Fac Upp Upp Zhi Pro Fac Was Fac Upp Upp War Pro Res Qua Gar Res Tes Distress Signals 26 | . . . . . 6 . 2 . . 1 . . . . 2 . . . . . 3 . . . . . . 3 . . . . 4 1 . 3 1 Communications Jammed . | . . . . . . . . . . . . . . . . . . . . . . . . . . . . . . . . . . . . . . Distress Signals . | . . . . . . . . . . . . . . . . . . . . . . . . . . . . . . . . . . . . . . Times Spotted 530 | . 15 9 . 15 67 22 25 3 . 35 1 2 4 7 26 1 6 . 15 3 40 4 . . 5 5 6 56 3 5 18 5 48 16 1 34 28 Peak Tracking Total 23 | . 3 3 . 3 10 6 4 1 . 3 1 1 3 4 3 1 3 . 3 2 7 4 . . 5 3 2 7 2 1 12 3 8 12 6 23 13 Tactical Retreats 57 | . 2 4 . 2 5 7 2 . . 4 . . . 3 1 1 . . . . 5 . . . 1 . . 6 1 2 1 . 2 1 . 5 2 Traps | -11 -10 -10 -10 -9 -8 -8 -8 -7 -7 -7 -7 -7 -7 -6 -6 -6 -6 -6 -6 -5 -5 -5 -5 -5 -4 -4 -4 -4 -4 -4 -4 -3 -3 -3 -3 -2 -2 ------- Run | Scr Mat Min Exi Min Mat Gar Mat Fac Was Fac Low Low Dat Pro Fac Low Low Zio Dee Pro Fac Upp Upp Zhi Pro Fac Was Fac Upp Upp War Pro Res Qua Gar Res Tes Traps Triggered 26 | . 1 . . 2 3 1 . 1 . 5 . . . . 4 . . . . . 1 . . . . 1 . 1 . . . . 3 . 1 1 1 Indirectly 2 | . . . . . . 1 . . . . . . . . . . . . . . 1 . . . . . . . . . . . . . . . . Trap Hack Attempts 38 | . . . . . . . 38 . . . . . . . . . . . . . . . . . . . . . . . . . . . . . . Triggered . | . . . . . . . . . . . . . . . . . . . . . . . . . . . . . . . . . . . . . . Disarmed . | . . . . . . . . . . . . . . . . . . . . . . . . . . . . . . . . . . . . . . Reprogrammed 16 | . 5 . . . . . 10 . . . . . . . . . . . . . . . . . . . . 1 . . . . . . . . . Reused 9 | . . . . . . . 1 . . . . . 4 . . . . . 2 . . . . . . . . 1 . . 1 . . . . . . Traps Extracted 7 | . . . . . . . 7 . . . . . . . . . . . . . . . . . . . . . . . . . . . . . . Installed 10 | . . . . 2 . . . . . . . . 4 . . . . . 3 . . . . . . . . . . . 1 . . . . . . Triggered 23 | . . . . . . . 1 . . . . 2 . 2 . 1 . . . . . . . . 1 . . 1 . 2 11 2 . . . . . Exploded 1 | . . . . . 1 . . . . . . . . . . . . . . . . . . . . . . . . . . . . . . . . Machines | -11 -10 -10 -10 -9 -8 -8 -8 -7 -7 -7 -7 -7 -7 -6 -6 -6 -6 -6 -6 -5 -5 -5 -5 -5 -4 -4 -4 -4 -4 -4 -4 -3 -3 -3 -3 -2 -2 ---------- Run | Scr Mat Min Exi Min Mat Gar Mat Fac Was Fac Low Low Dat Pro Fac Low Low Zio Dee Pro Fac Upp Upp Zhi Pro Fac Was Fac Upp Upp War Pro Res Qua Gar Res Tes Machines Disabled 38 | . 1 . . . 1 1 1 . . 3 . . 1 . 3 . . . 3 . 5 . . . . . . 7 . . . . 4 4 . 4 . Max in Single Turn 4 | . 1 . . . 1 1 1 . . 2 . . 1 . 2 . . . 1 . 2 . . . . . . 4 . . . . 1 1 . 3 . Garrison Access 4 | . . . . . . . 1 . . 2 . . . . . . . . . . . . . . . . . . . . . . 1 . . . . Machines Sabotaged . | . . . . . . . . . . . . . . . . . . . . . . . . . . . . . . . . . . . . . . Garrisons Compromised . | . . . . . . . . . . . . . . . . . . . . . . . . . . . . . . . . . . . . . . Overloaded Fab Kills . | . . . . . . . . . . . . . . . . . . . . . . . . . . . . . . . . . . . . . . Fab Network Shutdowns 1 | . . . . . . . . . . . . . . . 1 . . . . . . . . . . . . . . . . . . . . . . Hacking | -11 -10 -10 -10 -9 -8 -8 -8 -7 -7 -7 -7 -7 -7 -6 -6 -6 -6 -6 -6 -5 -5 -5 -5 -5 -4 -4 -4 -4 -4 -4 -4 -3 -3 -3 -3 -2 -2 --------- Run | Scr Mat Min Exi Min Mat Gar Mat Fac Was Fac Low Low Dat Pro Fac Low Low Zio Dee Pro Fac Upp Upp Zhi Pro Fac Was Fac Upp Upp War Pro Res Qua Gar Res Tes Machines Accessed 124 | . 10 1 1 . 16 . 9 . . 20 . . 3 1 15 1 3 . . . 8 . 1 4 . 1 . 12 1 1 1 . 9 4 . . 2 Terminals 61 | . 7 . . . 10 . 5 . . 9 . . . 1 8 . . . . . 5 . . . . . . 8 . . . . 4 2 . . 2 Fabricators 8 | . . . . . . . . . . 2 . . . . 2 . . . . . 2 . . . . . . 2 . . . . . . . . . Repair Stations 8 | . 1 . . . 2 . . . . 2 . . . . 1 . . . . . . . . . . 1 . . . . . . 1 . . . . Recycling Units 10 | . 2 . . . 1 . 1 . . 3 . . . . 2 . . . . . . . . . . . . . . . . . 1 . . . . Scanalyzers 10 | . . . . . 2 . 2 . . 1 . . . . . . . . . . 1 . . . . . . 1 . . . . 2 1 . . . Garrison Access 10 | . . . . . 1 . 1 . . 3 . . . . 2 . . . . . . . . . . . . 1 . . . . 1 1 . . . Total Hacks 483 | . 43 1 1 . 61 . 33 . . 57 . . 20 1 48 1 7 . . . 43 . 1 17 . 4 . 90 1 1 1 . 41 7 . . 4 Successful 283 | . 29 1 1 . 32 . 20 . . 23 . . 20 1 26 1 7 . . . 27 . 1 17 . 4 . 52 1 1 1 . 13 4 . . 1 Failed 198 | . 13 . . . 28 . 13 . . 34 . . . . 22 . . . . . 16 . . . . . . 38 . . . . 28 3 . . 3 Catastrophic 45 | . 2 . . . 2 . 2 . . 8 . . . . 6 . . . . . 2 . . . . . . 11 . . . . 8 2 . . 2 Database Lockouts 2 | . 1 . . . 1 . . . . . . . . . . . . . . . . . . . . . . . . . . . . . . . . Manual 198 | . 27 . . . 33 . 15 . . 23 . 1 . . 18 . . . . . 25 . . . . . . 42 . . 1 . 11 1 . . 1 Terminals 251 | . 28 . . . 39 . 21 . . 28 . . . 1 24 . . . . . 31 . . . . . . 53 . . . . 19 3 . . 4 Fabricators 34 | . . . . . . . . . . 3 . . . . 7 . . . . . 10 . . . . . . 14 . . . . . . . . . Repair Stations 24 | . 5 . . . 5 . . . . 6 . . . . 2 . . . . . . . . . . 4 . . . . . . 2 . . . . Recycling Units 47 | . 10 . . . 6 . 4 . . 8 . . . . 9 . . . . . . . . . . . . . . . . . 10 . . . . Scanalyzers 53 | . . . . . 10 . 7 . . 4 . . . . . . . . . . 2 . . . . . . 21 . . . . 7 2 . . . Garrison Access 23 | . . . . . 1 . 1 . . 8 . . . . 6 . . . . . . . . . . . . 2 . . . . 3 2 . . . Terminal Hacks 124 | . 11 1 1 . 10 . 7 . . 7 . . 20 1 9 1 7 . . . 9 . 1 17 . . . 13 1 1 1 . 2 3 . . 1 Record 27 | . . . 1 . . . . . . . . . 11 1 . . 5 . . . . . . 5 . . . . . . . . . 3 . . 1 Part Schematic 18 | . 3 . . . . . . . . . . . 6 . . . . . . . 3 . . 4 . . . 2 . . . . . . . . . Robot Schematic 1 | . . . . . . . . . . . . . . . 1 . . . . . . . . . . . . . . . . . . . . . . Robot Analysis 15 | . 2 . . . 2 . 1 . . 1 . . . . . . . . . . . . . 4 . . . 4 . . . . 1 . . . . Prototype ID Bank 16 | . 2 . . . 3 . 2 . . . . . 3 . 1 . . . . . 1 . . 4 . . . . . . . . . . . . . Open Door 8 | . . 1 . . . . . . . . . . . . . 1 2 . . . . . 1 . . . . . 1 1 1 . . . . . . Level Access Points 1 | . . . . . . . . . . . . . . . 1 . . . . . . . . . . . . . . . . . . . . . . Branch Access Points 6 | . 1 . . . 1 . . . . 1 . . . . 1 . . . . . 1 . . . . . . 1 . . . . . . . . . Machine Index 1 | . . . . . . . . . . . . . . . . . . . . . . . . . . . . 1 . . . . . . . . . Terminal Index 4 | . 1 . . . 1 . 1 . . 1 . . . . . . . . . . . . . . . . . . . . . . . . . . . Fabricator Index 2 | . . . . . . . . . . 1 . . . . 1 . . . . . . . . . . . . . . . . . . . . . . Repair Station Index 1 | . . . . . . . . . . . . . . . 1 . . . . . . . . . . . . . . . . . . . . . . Unreport Threat 4 | . . . . . 2 . 1 . . . . . . . 1 . . . . . . . . . . . . . . . . . . . . . . Locate Traps 10 | . 1 . . . 1 . 1 . . 2 . . . . 1 . . . . . 1 . . . . . . 2 . . . . 1 . . . . Reprogram Traps 3 | . 1 . . . . . 1 . . . . . . . . . . . . . . . . . . . . 1 . . . . . . . . . Recall Extermination 4 | . . . . . . . . . . . . . . . 1 . . . . . 1 . . . . . . 2 . . . . . . . . . Zone Layout 3 | . . . . . . . . . . 1 . . . . . . . . . . 2 . . . . . . . . . . . . . . . . Fabricator Hacks 26 | . . . . . . . . . . 2 . . . . 6 . . . . . 9 . . . . . . 9 . . . . . . . . . Load Schematic 10 | . . . . . . . . . . 1 . . . . 2 . . . . . 4 . . . . . . 3 . . . . . . . . . Build 16 | . . . . . . . . . . 1 . . . . 4 . . . . . 5 . . . . . . 6 . . . . . . . . . Repair Station Hacks 17 | . 4 . . . 3 . . . . 3 . . . . 2 . . . . . . . . . . 4 . . . . . . 1 . . . . Scan Component 10 | . 2 . . . 2 . . . . 2 . . . . 1 . . . . . . . . . . 2 . . . . . . 1 . . . . Repair 7 | . 2 . . . 1 . . . . 1 . . . . 1 . . . . . . . . . . 2 . . . . . . . . . . . Recycling Unit Hacks 11 | . 4 . . . 1 . 1 . . 2 . . . . 2 . . . . . . . . . . . . . . . . . 1 . . . . Retrieve Matter 2 | . 2 . . . . . . . . . . . . . . . . . . . . . . . . . . . . . . . . . . . . Retrieve Components 9 | . 2 . . . 1 . 1 . . 2 . . . . 2 . . . . . . . . . . . . . . . . . 1 . . . . Scanalyzer 40 | . . . . . 7 . 7 . . 2 . . . . . . . . . . 2 . . . . . . 17 . . . . 5 . . . . Insert Component 21 | . . . . . 4 . 3 . . 1 . . . . . . . . . . 1 . . . . . . 9 . . . . 3 . . . . Analyze 19 | . . . . . 3 . 4 . . 1 . . . . . . . . . . 1 . . . . . . 8 . . . . 2 . . . . Garrison Access Hacks 6 | . . . . . 1 . 1 . . 2 . . . . . . . . . . . . . . . . . . . . . . 1 1 . . . Unlock Access 2 | . . . . . 1 . . . . . . . . . . . . . . . . . . . . . . . . . . . . 1 . . . Seal Access 4 | . . . . . . . 1 . . 2 . . . . . . . . . . . . . . . . . . . . . . 1 . . . . Unauthorized Hacks 59 | . 10 . . . 10 . 4 . . 5 . . . . 7 . . . . . 7 . . . . . . 13 . . . . 3 . . . . Terminals 34 | . 4 . . . 7 . 4 . . 2 . . . . 1 . . . . . 6 . . . . . . 8 . . . . 2 . . . . Track 1 | . . . . . . . . . . . . . . . . . . . . . . . . . . . . . . . . . 1 . . . . Assimilate 1 | . . . . . . . . . . . . . . . . . . . . . 1 . . . . . . . . . . . . . . . . Botnet 27 | . 3 . . . 6 . 4 . . 1 . . . . 1 . . . . . 4 . . . . . . 7 . . . . 1 . . . . Operators 5 | . 1 . . . 1 . . . . 1 . . . . . . . . . . 1 . . . . . . 1 . . . . . . . . . Fabricators 5 | . . . . . . . . . . 1 . . . . . . . . . . 1 . . . . . . 3 . . . . . . . . . Report 2 | . . . . . . . . . . . . . . . . . . . . . 1 . . . . . . 1 . . . . . . . . . Siphon 2 | . . . . . . . . . . . . . . . . . . . . . . . . . . . . 2 . . . . . . . . . Haulers 1 | . . . . . . . . . . 1 . . . . . . . . . . . . . . . . . . . . . . . . . . . Repair Stations . | . . . . . . . . . . . . . . . . . . . . . . . . . . . . . . . . . . . . . . Recycling Units 15 | . 6 . . . 3 . . . . 1 . . . . 4 . . . . . . . . . . . . . . . . . 1 . . . . Reject 4 | . 2 . . . 1 . . . . . . . . . 1 . . . . . . . . . . . . . . . . . . . . . . Recyclers 7 | . 2 . . . 1 . . . . 1 . . . . 2 . . . . . . . . . . . . . . . . . 1 . . . . Mask 4 | . 2 . . . 1 . . . . . . . . . 1 . . . . . . . . . . . . . . . . . . . . . . Scanalyzers . | . . . . . . . . . . . . . . . . . . . . . . . . . . . . . . . . . . . . . . Garrison Access 5 | . . . . . . . . . . 1 . . . . 2 . . . . . . . . . . . . 2 . . . . . . . . . Reprogram 2 | . . . . . . . . . . . . . . . 1 . . . . . . . . . . . . 1 . . . . . . . . . Watchers 3 | . . . . . . . . . . 1 . . . . 1 . . . . . . . . . . . . 1 . . . . . . . . . Data Cores Recovered 1 | . . . . . 1 . . . . . . . . . . . . . . . . . . . . . . . . . . . . . . . . Used . | . . . . . . . . . . . . . . . . . . . . . . . . . . . . . . . . . . . . . . Hacking Detections 77 | . 8 . . . 12 . 7 . . 16 . . . 1 11 . . . . . 6 . . . . 1 . 6 . . . . 4 3 . . 2 Full Trace Events 21 | . 2 . . . 4 . 1 . . 6 . . . . 2 . . . . . 2 . . . . . . 1 . . . . . 2 . . 1 Feedback Events 1 | . . . . . . . . . . . . . . . . . . . . . . . . . . . . . . . . . . 1 . . . Corruption 1 | . . . . . . . . . . . . . . . . . . . . . . . . . . . . . . . . . . 1 . . . Feedback Blocked . | . . . . . . . . . . . . . . . . . . . . . . . . . . . . . . . . . . . . . . Robot Schematics Acquired 1 | . . . . . . . . . . . . . . . 1 . . . . . . . . . . . . . . . . . . . . . . Robots Built . | . . . . . . . . . . . . . . . . . . . . . . . . . . . . . . . . . . . . . . Matter . | . . . . . . . . . . . . . . . . . . . . . . . . . . . . . . . . . . . . . . Time . | . . . . . . . . . . . . . . . . . . . . . . . . . . . . . . . . . . . . . . Total Robot Build Rating . | . . . . . . . . . . . . . . . . . . . . . . . . . . . . . . . . . . . . . . Part Schematics Acquired 34 | . 3 . . . 3 . 3 . . 1 . . 6 . . . . . . . 4 . . 4 . . . 8 . . . . 2 . . . . Parts Built 15 | . . . . . . . . . . 1 . . . . 4 . . . . . 7 . . . . . . 3 . . . . . . . . . Matter 2833 | . . . . . . . . . . 146 . . . . 720 . . . . . 1009 . . . . . . 958 . . . . . . . . . Time 1459 | . . . . . . . . . . 73 . . . . 370 . . . . . 514 . . . . . . 502 . . . . . . . . . Total Part Build Rating 97 | . . . . . . . . . . 3 . . . . 23 . . . . . 49 . . . . . . 22 . . . . . . . . . Parts Repaired 7 | . 2 . . . 1 . . . . 1 . . . . 1 . . . . . . . . . . 2 . . . . . . . . . . . Time 308 | . 52 . . . 80 . . . . 28 . . . . 86 . . . . . . . . . . 62 . . . . . . . . . . . Parts Recycled . | . . . . . . . . . . . . . . . . . . . . . . . . . . . . . . . . . . . . . . Recycled Matter . | . . . . . . . . . . . . . . . . . . . . . . . . . . . . . . . . . . . . . . Retrieved Matter 183 | . 183 . . . . . . . . . . . . . . . . . . . . . . . . . . . . . . . . . . . . Retrieved Components 49 | . 13 . . . 9 . 1 . . 14 . . . . 12 . . . . . . . . . . . . . . . . . . . . . . Parts Scanalyzed 17 | . . . . . 3 . 3 . . 1 . . . . . . . . . . 1 . . . . . . 6 . . . . 3 . . . . Part Schematics Acquired 16 | . . . . . 3 . 3 . . 1 . . . . . . . . . . 1 . . . . . . 6 . . . . 2 . . . . Parts Damaged 2 | . . . . . . . . . . . . . . . . . . . . . 1 . . . . . . 1 . . . . . . . . . Bothacking | -11 -10 -10 -10 -9 -8 -8 -8 -7 -7 -7 -7 -7 -7 -6 -6 -6 -6 -6 -6 -5 -5 -5 -5 -5 -4 -4 -4 -4 -4 -4 -4 -3 -3 -3 -3 -2 -2 ------------ Run | Scr Mat Min Exi Min Mat Gar Mat Fac Was Fac Low Low Dat Pro Fac Low Low Zio Dee Pro Fac Upp Upp Zhi Pro Fac Was Fac Upp Upp War Pro Res Qua Gar Res Tes Used RIF Installer . | . . . . . . . . . . . . . . . . . . . . . . . . . . . . . . . . . . . . . . Robots Hacked 4 | . . . . . . . . 1 . . . . . . . . . . . . . . . 3 . . . . . . . . . . . . . Non-combat 1 | . . . . . . . . 1 . . . . . . . . . . . . . . . . . . . . . . . . . . . . . Combat 3 | . . . . . . . . . . . . . . . . . . . . . . . . 3 . . . . . . . . . . . . . Robot Hacks Applied 4 | . . . . . . . . 1 . . . . . . . . . . . . . . . 3 . . . . . . . . . . . . . parse_system 3 | . . . . . . . . . . . . . . . . . . . . . . . . 3 . . . . . . . . . . . . . find_chute 1 | . . . . . . . . 1 . . . . . . . . . . . . . . . . . . . . . . . . . . . . . Relay Couplers Released 6 | . . . . . . . . . . . . . . . . . . . . . . . . . . . . 4 . . . . 2 . . . . Machine Destruction 2 | . . . . . . . . . . . . . . . . . . . . . . . . . . . . . . . . . 2 . . . . Programmers 4 | . . . . . . . . . . . . . . . . . . . . . . . . . . . . 4 . . . . . . . . . Robots Rewired . | . . . . . . . . . . . . . . . . . . . . . . . . . . . . . . . . . . . . . . Allies Hacked 2 | . . . . . . . . . . . . . . . 2 . . . . . . . . . . . . . . . . . . . . . . Hacks Repelled . | . . . . . . . . . . . . . . . . . . . . . . . . . . . . . . . . . . . . . . Allies | -11 -10 -10 -10 -9 -8 -8 -8 -7 -7 -7 -7 -7 -7 -6 -6 -6 -6 -6 -6 -5 -5 -5 -5 -5 -4 -4 -4 -4 -4 -4 -4 -3 -3 -3 -3 -2 -2 -------- Run | Scr Mat Min Exi Min Mat Gar Mat Fac Was Fac Low Low Dat Pro Fac Low Low Zio Dee Pro Fac Upp Upp Zhi Pro Fac Was Fac Upp Upp War Pro Res Qua Gar Res Tes Total Allies 10 | . . 3 . 2 . . . . . . . . . . 3 . . . . . 1 . . . . . . 1 . . . . . . . . . Largest Group 3 | . . 3 1 2 . . . . . . . . . . 3 . . . . . 1 . . . . . . 1 . . . . . . . . . Highest-Rated Group 91 | . . 40 16 36 . . . . . . . . . . 91 . . . . . 26 . . . . . . 27 . . . . . . . . . Highest-Rated Ally 41 | . . 16 16 31 . . . . . . . . . . 41 . . . . . 26 . . . . . . 27 . . . . . . . . . Total Orders 5 | . . . . . . . . . . . . . . . . . . . . . 5 . . . . . . . . . . . . . . . . STAY 1 | . . . . . . . . . . . . . . . . . . . . . 1 . . . . . . . . . . . . . . . . FOLLOW 1 | . . . . . . . . . . . . . . . . . . . . . 1 . . . . . . . . . . . . . . . . EXPLORE 2 | . . . . . . . . . . . . . . . . . . . . . 2 . . . . . . . . . . . . . . . . RETURN 1 | . . . . . . . . . . . . . . . . . . . . . 1 . . . . . . . . . . . . . . . . Ally Attacks 65 | . . 8 . 17 . . . . . . . . . . 40 . . . . . . . . . . . . . . . . . . . . . . Total Damage 1231 | . . 114 . 202 . . . . . . . . . . 915 . . . . . . . . . . . . . . . . . . . . . . Kills 18 | . . 4 . 3 . . . . . . . . . . 11 . . . . . . . . . . . . . . . . . . . . . . Allies Corrupted . | . . . . . . . . . . . . . . . . . . . . . . . . . . . . . . . . . . . . . . Allies Melted . | . . . . . . . . . . . . . . . . . . . . . . . . . . . . . . . . . . . . . . Intel | -11 -10 -10 -10 -9 -8 -8 -8 -7 -7 -7 -7 -7 -7 -6 -6 -6 -6 -6 -6 -5 -5 -5 -5 -5 -4 -4 -4 -4 -4 -4 -4 -3 -3 -3 -3 -2 -2 ------- Run | Scr Mat Min Exi Min Mat Gar Mat Fac Was Fac Low Low Dat Pro Fac Low Low Zio Dee Pro Fac Upp Upp Zhi Pro Fac Was Fac Upp Upp War Pro Res Qua Gar Res Tes Robot Analysis Total 15 | . 2 . . . 2 . 1 . . 1 . . . . . . . . . . . . . 4 . . . 4 . . . . 1 . . . . Derelict Logs Recovered 21 | . . 1 . 3 . . . . . . . 2 . 2 . 1 2 1 . 1 . 3 . . 1 . . . 3 1 . . . . . . . Drone Launches 5 | . . . . . . . . . . . . . . . . . . . . . 1 . . . . . . . . . . . 4 . . . . Drone Recoveries 4 | . . . . . . . . . . . . . . . . . . . . . 1 . . . . . . . . . . . 3 . . . . Decoded 0b10 Intel 2 | . . . . . . . . . . . . . . . 2 . . . . . . . . . . . . . . . . . . . . . . Traps 1 | . . . . . . . . . . . . . . . 1 . . . . . . . . . . . . . . . . . . . . . . Emergency Access 1 | . . . . . . . . . . . . . . . 1 . . . . . . . . . . . . . . . . . . . . . . Exploration | -11 -10 -10 -10 -9 -8 -8 -8 -7 -7 -7 -7 -7 -7 -6 -6 -6 -6 -6 -6 -5 -5 -5 -5 -5 -4 -4 -4 -4 -4 -4 -4 -3 -3 -3 -3 -2 -2 ------------- Run | Scr Mat Min Exi Min Mat Gar Mat Fac Was Fac Low Low Dat Pro Fac Low Low Zio Dee Pro Fac Upp Upp Zhi Pro Fac Was Fac Upp Upp War Pro Res Qua Gar Res Tes Turns Passed 52620 | 137 1298 1455 717 1615 3215 638 2442 386 989 2655 1356 2127 882 1303 1794 1999 1749 1683 5393 764 2097 965 1276 734 1207 834 576 2846 931 1276 1218 1148 1531 499 117 366 402 Spaces Moved 25282 | 60 683 677 328 759 1471 304 973 184 447 1132 618 864 389 637 867 926 829 865 2618 389 799 513 675 370 559 343 234 1149 441 743 642 424 579 391 110 727 563 Core 360 | 3 . . . 4 . . . . 5 . . 1 5 . . . . . 140 . . . . . . . . . . . . . 2 16 . 131 53 Treads 19832 | 57 683 677 328 755 1471 304 973 184 442 1132 618 863 157 . 380 926 829 865 1044 . 541 513 675 370 559 343 234 1149 441 743 642 424 510 . . . . Legs 2520 | . . . . . . . . . . . . . 227 637 486 . . . 523 389 258 . . . . . . . . . . . . . . . . Wheels 403 | . . . . . . . . . . . . . . . . . . . . . . . . . . . . . . . . . . 190 110 103 . Hover 940 | . . . . . . . . . . . . . . . 1 . . . 911 . . . . . . . . . . . . . 2 26 . . . Flight 1227 | . . . . . . . . . . . . . . . . . . . . . . . . . . . . . . . . . 65 159 . 493 510 Fastest Speed 30 | 50 160 160 200 180 165 177 177 180 180 180 180 180 150 180 150 200 200 186 52 169 160 180 180 180 180 180 210 160 160 160 160 200 30 30 100 30 30 Average Speed 171 | 154 167 195 217 192 174 177 180 180 203 180 180 182 183 180 170 200 200 189 169 169 171 180 180 180 180 180 210 173 160 162 167 200 179 100 100 44 41 Slowest Speed 2100 | 160 180 200 240 1350 240 197 200 180 2000 200 180 2100 950 210 380 200 200 212 850 169 210 180 180 210 180 180 210 210 160 200 240 200 1600 800 100 150 750 Overloaded Moves . | . . . . . . . . . . . . . . . . . . . . . . . . . . . . . . . . . . . . . . Propulsion Burnouts . | . . . . . . . . . . . . . . . . . . . . . . . . . . . . . . . . . . . . . . Robots Hopped 11 | . . . . . . . . . . . . . . . . . . . . . . . . . . . . . . . . . 3 . . . 8 Cave-ins Triggered 1 | . . . . . . . . . . . . . . . . . . . 1 . . . . . . . . . . . . . . . . . . Teleports 2 | . . . . . . . . . . . . . . . . . . . . . . . . . . . . . . . . . . . 1 . 1 Exploration Rate (%) 60 | 4 91 99 61 99 88 55 52 5 89 43 74 94 78 73 26 77 94 85 89 60 20 57 87 60 66 11 97 26 57 74 90 53 20 59 25 22 40 Regions Visited 37 Branch Regions 22 Pre-discovered Areas 14 | . . . 1 1 . . . . . . . . 1 . . . 1 5 . . . 1 . 3 . . . . . 1 . . . . . . . Known Exits Taken 28 | . 1 . . 1 1 . 1 . . 1 1 1 1 1 1 1 1 1 1 1 1 1 1 1 1 . . 1 1 1 1 1 1 1 . 1 . Unknown Exits Taken 3 | 1 . 1 1 . . . . . . . . . . . . . . . . . . . . . . . . . . . . . . . . . . Scrap Searched 33 | . . 1 . 3 . . . . . . 2 2 . 3 . 3 3 3 . 2 . 2 4 . 1 . . . 2 1 . 1 . . . . . Spaces Dug 328 | . 1 . . . 26 . 14 2 . 20 4 12 1 19 4 14 9 . 27 14 21 6 14 . 14 11 . 15 1 5 3 26 29 3 1 . 12 Terrain Destroyed 1281 | 1 2 20 . 2 59 11 18 2 . 73 7 62 3 45 28 14 11 . 37 34 79 13 24 . 30 28 . 108 3 79 32 86 248 27 35 48 12 Melee 79 | . . . . . . . 14 2 . 1 . 10 1 . . 14 9 . . . 1 . . . 2 . . . 1 5 3 . . 3 1 . 12 Projectile 436 | . 2 4 . 2 34 . . . . 42 7 2 2 45 10 . 2 . 37 34 51 6 24 . 13 28 . 35 2 1 . 34 19 . . . . AOE 766 | 1 . 16 . . 25 11 4 . . 30 . 50 . . 18 . . . . . 27 7 . . 15 . . 73 . 73 29 52 229 24 34 48 . Terrain Rammed . | . . . . . . . . . . . . . . . . . . . . . . . . . . . . . . . . . . . . . . Walls Destroyed . | . . . . . . . . . . . . . . . . . . . . . . . . . . . . . . . . . . . . . . Machines Disabled . | . . . . . . . . . . . . . . . . . . . . . . . . . . . . . . . . . . . . . . Actions | -11 -10 -10 -10 -9 -8 -8 -8 -7 -7 -7 -7 -7 -7 -6 -6 -6 -6 -6 -6 -5 -5 -5 -5 -5 -4 -4 -4 -4 -4 -4 -4 -3 -3 -3 -3 -2 -2 --------- Run | Scr Mat Min Exi Min Mat Gar Mat Fac Was Fac Low Low Dat Pro Fac Low Low Zio Dee Pro Fac Upp Upp Zhi Pro Fac Was Fac Upp Upp War Pro Res Qua Gar Res Tes Total 32181 | 79 775 734 333 849 1841 363 1564 226 515 1570 844 1393 508 711 1103 1033 892 916 3428 436 1374 541 710 414 721 509 281 1774 627 793 762 669 888 469 114 752 670 Wait 3827 | . 20 1 . 25 99 6 423 23 14 261 202 445 1 19 108 63 22 5 431 2 375 6 17 . 130 121 17 404 143 1 74 195 133 16 . 10 15 Move 25232 | 59 682 676 327 758 1471 303 972 184 446 1132 617 863 388 636 866 925 828 864 2616 388 798 512 674 369 558 343 233 1148 440 742 641 423 573 391 109 726 551 Hop 6 | . . . . . . . . . . . . . . . . . . . . . . . . . . . . . . . . . 2 . . . 4 Pick Up 275 | 2 19 5 3 7 18 6 14 3 8 13 2 8 18 3 13 2 5 12 42 6 16 1 . 4 . 3 . 17 . 5 6 1 6 2 . 1 4 Fast Attach 278 | 7 3 4 . 6 16 1 9 . 4 10 2 10 13 1 13 4 2 8 43 . 17 3 3 9 . 1 2 9 4 8 4 . 12 18 . 3 29 Attach 155 | . . . . 1 7 3 . 3 4 10 3 10 6 4 7 . 3 7 11 1 16 1 . . . 2 . 13 . 2 1 1 23 7 2 1 6 Detach 122 | . 1 . . 1 3 . . 1 3 8 2 7 8 4 5 . 3 5 20 . 12 . . . . . 5 5 . 3 1 . 4 8 . 1 12 Swap 295 | . 8 6 2 2 38 3 33 2 4 18 3 7 8 5 15 9 9 1 7 4 20 7 . 4 8 5 . 29 6 1 4 6 21 . . . . Drop 440 | . 11 9 1 9 33 5 24 1 18 16 1 20 29 4 21 5 4 12 86 5 24 4 3 11 1 . 2 15 4 14 10 . 8 10 . . 20 Fire 1294 | 11 31 33 . 35 152 36 35 6 2 96 12 11 28 35 49 . 5 2 167 30 94 7 13 . 12 34 18 125 29 11 17 43 97 3 1 10 4 Melee 174 | . . . . . . . 16 3 12 4 . 12 5 . . 25 11 . . . 1 . . 17 12 . . . 1 6 3 . 7 13 1 . 25 Ram 1 | . . . . . . . . . . . . . . . . . . . . . . . . . . . . . . . . . . 1 . . . Kick . | . . . . . . . . . . . . . . . . . . . . . . . . . . . . . . . . . . . . . . Crush 21 | . . . . . 4 . . . . . . . . . . . . . 1 . 1 . . . . . 4 9 . . . . 2 . . . . Escape Stasis 13 | . . . . 3 . . . . . 2 . . . . 6 . . . 1 . . . . . . . . . . . . . . . 1 . . Rewire . | . . . . . . . . . . . . . . . . . . . . . . . . . . . . . . . . . . . . . . Trap 48 | . . . . 2 . . 38 . . . . . 4 . . . . . 3 . . . . . . . . . . . 1 . . . . . . Miscellaneous . | . . . . . . . . . . . . . . . . . . . . . . . . . . . . . . . . . . . . . . Route ------- -11/Scrapyard -10/Materials (discovered 4 exits: [*Mat x2] / *Min x2) -10/Mines (discovered 3 exits: [*Mat x2] / *Exi) -10/Exiles -9/Mines (discovered 2 exits: *Mat x2) -8/Materials (discovered 4 exits: *Fac x3 / Gar) -8/Garrison -8/Materials (discovered 2 exits: *Fac x2) -7/Factory -7/Waste -7/Factory (discovered 3 exits: *Fac / *Low x2) -7/Lower Caves -7/Lower Caves (discovered 2 exits: Fac / *Dat) -7/Data Miner -6/Proximity Caves -6/Factory (discovered 8 exits: *Fac x4 / *Low x2 / *Ext x2) -6/Lower Caves -6/Lower Caves (discovered 2 exits: *Fac / *Zio) -6/Zion (discovered 2 exits: *Dee / *Pro) -6/Deep Caves -5/Proximity Caves -5/Factory (discovered 4 exits: *Fac x2 / *Upp x2) -5/Upper Caves -5/Upper Caves (discovered 2 exits: *Fac / *Zhi) -5/Zhirov -4/Proximity Caves -4/Factory -4/Waste -4/Factory (discovered 3 exits: *Res / *Upp x2) -4/Upper Caves -4/Upper Caves (discovered 2 exits: *Res / *War) -4/Warlord -3/Proximity Caves -3/Research (discovered 3 exits: *Res x2 / *Qua) -3/Quarantine (discovered 2 exits: *Res / Gar) -3/Garrison -2/Research (discovered 2 exits: [*Acc] / *Tes) -2/Testing History --------- Turn | Location | Event 14 | -11/Scrapyard | Discovered new exit (range 13) 138 | -11/Scrapyard | Entered Materials 180 | -10/Materials | Repaired Lgt. Treads 208 | -10/Materials | Repaired Mining Laser 315 | -10/Materials | Build established: Mutant 588 | -10/Materials | Discovered new exit (range 12) 756 | -10/Materials | Discovered new exit (range 16) 917 | -10/Materials | Central database locked down 1117 | -10/Materials | Discovered new exit (range 4) 1205 | -10/Materials | Identified exit to Mines 1436 | -10/Materials | Entered Mines 1764 | -10/Mines | Found a damaged Exp. Sensor Array with a note attached 1768 | -10/Mines | Found Prototype Device 1981 | -10/Mines | Discovered new exit (range 10) 2216 | -10/Mines | Discovered new exit (range 6) 2257 | -10/Mines | Deemed a non-threat by the Exiles lab entrance 2390 | -10/Mines | Assisted by bots powering up and referring to "LRC-V3" 2504 | -10/Mines | Excavation squad dispatched 2504 | -10/Mines | A large section of the Mines collapsed 2634 | -10/Mines | Met a Derelict who couldn't figure out how to use a Trap Extractor 2880 | -10/Mines | Discovered new exit (range 5) 2891 | -10/Mines | Entered Exiles 2891 | -10/Exiles | Accompanied by 1 ally 2921 | -10/Exiles | Discovered new exit (range 15) 2945 | -10/Exiles | Met 8R-AWN 2975 | -10/Exiles | Met EX-HEX 3063 | -10/Exiles | Met EX-DEC 3101 | -10/Exiles | Learned location of Zion (-6) 3135 | -10/Exiles | Met EX-BIN 3550 | -10/Exiles | Build established: Hauler-Mutant 3608 | -10/Exiles | Entered Mines 3608 | -9/Mines | Accompanied by 1 ally 3650 | -9/Mines | Discovered new exit (range 11) 3730 | -9/Mines | Learned location of Storage (-9) 3853 | -9/Mines | Core integrity fell below 50% 3880 | -9/Mines | Lost 3 parts (1n2w) 4105 | -9/Mines | Identified exit to Materials 4346 | -9/Mines | Found a hidden stash of uninstalled traps 4556 | -9/Mines | Core integrity fell below 20% 5223 | -9/Mines | Entered Materials 5223 | -8/Materials | Evolved 4 slots: Utility x4 5226 | -8/Materials | Identified Exp. Sensor Array 5582 | -8/Materials | Build established: Scavenger-Mutant 6306 | -8/Materials | Build established: Hauler-Mutant 6342 | -8/Materials | Central database locked down 6371 | -8/Materials | Discovered new exit (range 3) 6373 | -8/Materials | Identified exit to Factory 6560 | -8/Materials | Discovered exit to Factory (range 8) 6599 | -8/Materials | Repaired Exp. Sensor Array? 8240 | -8/Materials | Garrison activated, responded to threat 8340 | -8/Materials | Discovered exit to Factory (range 14) 8385 | -8/Materials | Core integrity fell below 50% 8423 | -8/Materials | First assault squad dispatched 8438 | -8/Materials | Identified exit to Garrison 8438 | -8/Materials | Entered Garrison 8486 | -8/Garrison | Triggered checkpoint 8623 | -8/Garrison | Destroyed 7 combat bots 8661 | -8/Garrison | Triggered checkpoint 8684 | -8/Garrison | Triggered checkpoint 9051 | -8/Garrison | Discovered new exit (range 14) 9074 | -8/Garrison | Identified exit to Materials 9076 | -8/Garrison | Entered Materials 9751 | -8/Materials | Core integrity fell below 20% 10199 | -8/Materials | Garrison activated, responded to threat 10449 | -8/Materials | Garrison activated, responded to threat 10904 | -8/Materials | Garrison activated, responded to threat 11169 | -8/Materials | Discovered exit to Factory (range 5) 11356 | -8/Materials | Discovered exit to Factory (range 10) 11518 | -8/Materials | Entered Factory 11518 | -7/Factory | Evolved 2 slots: Utility x2 11689 | -7/Factory | Build established: Trapper-Mutant 11904 | -7/Factory | Sucked down chute 11904 | -7/Factory | Entered Waste 11904 | -7/Waste | The area was eerily silent 12303 | -7/Waste | Discovered new exit (range 15) 12383 | -7/Waste | Identified exit to Factory 12393 | -7/Waste | Found Quantum Capacitor 12650 | -7/Waste | Found Damper Plating 12752 | -7/Waste | Build established: Hauler-Mutant 12893 | -7/Waste | Entered Factory 13938 | -7/Factory | Fabricated System Shield? 14900 | -7/Factory | Identified exit to Lower Caves 14966 | -7/Factory | Discovered new exit (range 6) 15238 | -7/Factory | Repaired Hvy. Treads 15548 | -7/Factory | Entered Lower Caves 15550 | -7/Lower Caves | Attracted the attention of an 0b10 checkpoint 15589 | -7/Lower Caves | Lost 4 parts (2u2w) 16580 | -7/Lower Caves | Encountered a Warlord checkpoint 16695 | -7/Lower Caves | Discovered new exit (range 14) 16901 | -7/Lower Caves | Identified exit to Lower Caves 16904 | -7/Lower Caves | Entered another Lower Caves area 17330 | -7/Lower Caves | Learned Factory security intel 17374 | -7/Lower Caves | Acquired the password to a Derelict Tinkerer's latest research 17407 | -7/Lower Caves | Found Prototype Special Weapon 17594 | -7/Lower Caves | Caught by Unaware searching for contraband prototypes 18001 | -7/Lower Caves | Discovered new exit (range 10) 18179 | -7/Lower Caves | Identified exit to Data Miner 18652 | -7/Lower Caves | Identified exit to Factory 18656 | -7/Lower Caves | Build established: Scavenger-Mutant 19031 | -7/Lower Caves | Entered Data Miner 19033 | -7/Data Miner | Discovered new exit (range 6) 19042 | -7/Data Miner | Identified exit to Proximity Caves 19067 | -7/Data Miner | Met Data Miner 19103 | -7/Data Miner | Learned location of Section 7 (-2) 19103 | -7/Data Miner | Acquired the access code to Warlord's prototype stash 19130 | -7/Data Miner | Received God Mode back door access code from Data Miner 19206 | -7/Data Miner | Build established: Hauler-Mutant 19295 | -7/Data Miner | Destroyed Data Miner 19307 | -7/Data Miner | Data Conduit disabled 19392 | -7/Data Miner | Lost 3 parts (2u1w) 19404 | -7/Data Miner | Core integrity fell below 50% 19445 | -7/Data Miner | Lost 3 parts (1n1u1w) 19476 | -7/Data Miner | Found Prototype Device 19476 | -7/Data Miner | Identified Exp. Thermal Shield 19544 | -7/Data Miner | Build established: Scavenger-Mutant 19732 | -7/Data Miner | Found Prototype Hackware 19736 | -7/Data Miner | Found Prototype Hackware 19913 | -7/Data Miner | Entered Proximity Caves 20304 | -6/Proximity Caves | Build established: Hauler-Mutant 20488 | -6/Proximity Caves | Learned Factory terminal intel 20936 | -6/Proximity Caves | Learned Factory garrison access intel 21024 | -6/Proximity Caves | Discovered exit to Factory (range 8) 21216 | -6/Proximity Caves | Entered Factory 21216 | -6/Factory | Evolved 2 slots: Propulsion x1, Utility x1 21218 | -6/Factory | Loaded intel: 22 terminal locations 21219 | -6/Factory | Loaded intel: 4 garrison access locations 21536 | -6/Factory | Discovered new exit (range 12) 21543 | -6/Factory | Lost 3 parts (1u2w) 21568 | -6/Factory | P-60 Hacker assimilated hostile S-27 Virus 21593 | -6/Factory | Identified exit to Factory 21728 | -6/Factory | P-60 Hacker assimilated hostile H-66 Slayer 22036 | -6/Factory | Identified exit to Lower Caves 22036 | -6/Factory | Identified exit to Extension 22436 | -6/Factory | Fabricated Cmb. Gravmag System? 22506 | -6/Factory | Repaired Broken Quantum Capacitor? 22550 | -6/Factory | Fabricated Phase Shifter (x1) 22601 | -6/Factory | Local fabrication network quarantined 22719 | -6/Factory | Fabricated Kinetic Spear (x1) 23010 | -6/Factory | Entered Lower Caves 23032 | -6/Lower Caves | Found Alien Artifact 23032 | -6/Lower Caves | Identified Core Expander 23032 | -6/Lower Caves | Installed Core Expander, added new Power slot 23251 | -6/Lower Caves | Spotted B-75 Beast 23538 | -6/Lower Caves | Learned 4 Factory zone layouts 23823 | -6/Lower Caves | Encountered a Warlord checkpoint 23974 | -6/Lower Caves | Discovered new exit (range 8) 24949 | -6/Lower Caves | Identified exit to Lower Caves 25009 | -6/Lower Caves | Entered another Lower Caves area 25202 | -6/Lower Caves | Learned Factory trap positions 25202 | -6/Lower Caves | Learned Armory terminal intel 25290 | -6/Lower Caves | Discovered exit to Factory (range 6) 25329 | -6/Lower Caves | Learned Factory stockpile data 25877 | -6/Lower Caves | Encountered a Warlord checkpoint 25915 | -6/Lower Caves | Learned 8 Factory zone layouts 26746 | -6/Lower Caves | Discovered new exit (range 6) 26753 | -6/Lower Caves | Attracted the attention of an 0b10 checkpoint 26756 | -6/Lower Caves | Identified exit to Zion 26758 | -6/Lower Caves | Entered Zion 26876 | -6/Zion | Discovered new exit (range 15) 26904 | -6/Zion | Identified exit to Proximity Caves 27131 | -6/Zion | Learned location of Testing (-2) 27261 | -6/Zion | Visited the Megawrench Repair Shop 27297 | -6/Zion | Megawrench repaired 11 parts 27637 | -6/Zion | Identified Molecular Deconstructor 27665 | -6/Zion | Discovered new exit (range 4) 27667 | -6/Zion | Saw the warning signs outside the Deep Caves entrance 27669 | -6/Zion | Identified exit to Deep Caves 28021 | -6/Zion | Learned location of Warlord (-4) 28175 | -6/Zion | Learned location of Quarantine (-3) 28441 | -6/Zion | Entered Deep Caves 28873 | -6/Deep Caves | Attacked by Z-Imprinter 28899 | -6/Deep Caves | Destroyed Z-Imprinter 29017 | -6/Deep Caves | Found Prototype Protection 29017 | -6/Deep Caves | Identified Zio. Weapon Casing 29075 | -6/Deep Caves | Z-Facility disabled 29251 | -6/Deep Caves | Build established: Scavenger-Mutant 29259 | -6/Deep Caves | Crushed by falling debris 30838 | -6/Deep Caves | Discovered new exit (range 6) 30840 | -6/Deep Caves | Identified exit to Proximity Caves 30876 | -6/Deep Caves | Spotted as-00900 31039 | -6/Deep Caves | Found Zio. Weapon Casing 31054 | -6/Deep Caves | Found Prototype Protection 31054 | -6/Deep Caves | Identified Zio. Heavy Carapace 31227 | -6/Deep Caves | Found Zio. Weapon Casing 31326 | -6/Deep Caves | Build established: Mutant 31571 | -6/Deep Caves | Destroyed as-00900 31621 | -6/Deep Caves | Exposed GOLEM chamber 31916 | -6/Deep Caves | Found GOLEM Unit 32524 | -6/Deep Caves | Core integrity fell below 50% 33557 | -6/Deep Caves | Build established: Hauler-Mutant 33693 | -6/Deep Caves | Found GOLEM Unit 33834 | -6/Deep Caves | Entered Proximity Caves 33868 | -5/Proximity Caves | Learned Factory machine intel 34292 | -5/Proximity Caves | Spotted B-75 Beast 34337 | -5/Proximity Caves | Destroyed B-75 Beast 34502 | -5/Proximity Caves | Discovered exit to Factory (range 9) 34598 | -5/Proximity Caves | Entered Factory 34598 | -5/Factory | Evolved 2 slots: Propulsion x1, Utility x1 34599 | -5/Factory | Identified exit to Upper Caves 34599 | -5/Factory | Identified exit to Factory 34600 | -5/Factory | Loaded intel: 101 trap records 34602 | -5/Factory | Loaded intel: 223 machine locations 34611 | -5/Factory | Identified Quantum Router 34612 | -5/Factory | Identified Deep Network Scanner 34922 | -5/Factory | Build established: Hacker-Mutant 34983 | -5/Factory | Discovered exit to Factory (range 22) 35128 | -5/Factory | Lost 3 parts (2u1w) 35393 | -5/Factory | Spotted B-75 Beast 35424 | -5/Factory | Build established: Hauler-Mutant 36043 | -5/Factory | Fabricated Imp. Heavy Siege Treads (x2) 36187 | -5/Factory | Fabricated Imp. Heavy Siege Treads (x2) 36216 | -5/Factory | Build established: Hacker-Mutant 36217 | -5/Factory | Fabricated Mic. Fission Core? 36356 | -5/Factory | Fabricated Lgt. Regenerative Plating (x1) 36695 | -5/Factory | Entered Upper Caves 36833 | -5/Upper Caves | Learned location of 1 exit from Factory 36835 | -5/Upper Caves | Learned Factory interactive machine intel 36895 | -5/Upper Caves | Learned location of Armory (-3) 37397 | -5/Upper Caves | Discovered new exit (range 6) 37404 | -5/Upper Caves | Identified exit to Upper Caves 37660 | -5/Upper Caves | Entered another Upper Caves area 37692 | -5/Upper Caves | Encountered a Warlord checkpoint 37720 | -5/Upper Caves | Discovered exit to Factory (range 8) 38663 | -5/Upper Caves | Discovered new exit (range 12) 38679 | -5/Upper Caves | Identified exit to Zhirov 38936 | -5/Upper Caves | Entered Zhirov 38936 | -5/Zhirov | Discovered new exit (range 3) 38949 | -5/Zhirov | Identified exit to Proximity Caves 38976 | -5/Zhirov | Met Zhirov 39032 | -5/Zhirov | Learned location of Command (-1) 39050 | -5/Zhirov | Zhirov requested help retrieving the SGEMP Prototype 39090 | -5/Zhirov | Found Alien Artifact 39090 | -5/Zhirov | Identified Integrated Reactor 39090 | -5/Zhirov | Installed Integrated Reactor, increased core energy generation (+10) 39115 | -5/Zhirov | Found Alien Artifact 39670 | -5/Zhirov | Entered Proximity Caves 40166 | -4/Proximity Caves | Attracted the attention of an 0b10 checkpoint 40223 | -4/Proximity Caves | Learned location of 1 exit from Research 40624 | -4/Proximity Caves | Discovered exit to Factory (range 14) 40877 | -4/Proximity Caves | Entered Factory 40877 | -4/Factory | Evolved 2 slots: Utility x2 40878 | -4/Factory | Identified exit to Research 40879 | -4/Factory | Loaded intel: 46 interactive machine locations 41033 | -4/Factory | Repaired Hvy. Shock Bomb Launcher 41067 | -4/Factory | Repaired Imp. Heavy Siege Treads 41183 | -4/Factory | Build established: Wizard-Mutant 41711 | -4/Factory | Sucked down chute 41711 | -4/Factory | Entered Waste 41726 | -4/Waste | EMP discharged 41747 | -4/Waste | Spotted C-40 Crusher 41783 | -4/Waste | Spotted C-40 Crusher 41797 | -4/Waste | Destroyed C-40 Crusher 41812 | -4/Waste | Destroyed C-40 Crusher 41822 | -4/Waste | Spotted C-40 Crusher 41822 | -4/Waste | Spotted C-40 Crusher 41823 | -4/Waste | Destroyed C-40 Crusher 41826 | -4/Waste | EMP discharged 41837 | -4/Waste | Destroyed C-40 Crusher 41864 | -4/Waste | Spotted C-40 Crusher 41882 | -4/Waste | Destroyed C-40 Crusher 41914 | -4/Waste | Spotted C-40 Crusher 41926 | -4/Waste | EMP discharged 41928 | -4/Waste | Destroyed C-40 Crusher 42026 | -4/Waste | EMP discharged 42126 | -4/Waste | EMP discharged 42141 | -4/Waste | Discovered new exit (range 16) 42226 | -4/Waste | EMP discharged 42276 | -4/Waste | Identified exit to Factory 42287 | -4/Waste | Entered Factory 42782 | -4/Factory | Identified exit to Upper Caves 42829 | -4/Factory | Fabricated Fusion Bomb Launcher? 42928 | -4/Factory | Identified Transdimensional Reconstructor 43362 | -4/Factory | Fabricated Exp. Signal Interpreter? 43622 | -4/Factory | Discovered exit to Research (range 12) 43631 | -4/Factory | Lost 3 parts (1n2w) 43973 | -4/Factory | Fabricated Cld. Q-thruster (x1) 44270 | -4/Factory | Lost 3 parts (1n1u1w) 44287 | -4/Factory | First assault squad dispatched 44457 | -4/Factory | Spotted B-86 Titan 45013 | -4/Factory | System corruption reached 10% 45133 | -4/Factory | Entered Upper Caves 45403 | -4/Upper Caves | Learned Research interactive machine intel 45425 | -4/Upper Caves | Learned location of 1 exit from Research 46042 | -4/Upper Caves | Learned Research stockpile data 46055 | -4/Upper Caves | Discovered new exit (range 5) 46063 | -4/Upper Caves | Identified exit to Upper Caves 46064 | -4/Upper Caves | Entered another Upper Caves area 46237 | -4/Upper Caves | Discovered exit to Research (range 10) 46518 | -4/Upper Caves | Attracted the attention of an 0b10 checkpoint 46872 | -4/Upper Caves | Discovered new exit (range 10) 47225 | -4/Upper Caves | Identified exit to Warlord 47340 | -4/Upper Caves | Entered Warlord 47937 | -4/Warlord | Found Prototype Device 47937 | -4/Warlord | Identified Minesniffer Drone Bay 48076 | -4/Warlord | Warlord's base attacked by MAIN.C 48118 | -4/Warlord | Met Warlord 48140 | -4/Warlord | Opened Warlord's prototype stash 48148 | -4/Warlord | Found Prototype Reactor 48148 | -4/Warlord | Identified Vortex Chain Reactor 48170 | -4/Warlord | Found Prototype Hackware 48297 | -4/Warlord | Opened side exit 48426 | -4/Warlord | Warlord forces counterattacked 48477 | -4/Warlord | Spotted Striker 48508 | -4/Warlord | Core integrity fell below 50% 48529 | -4/Warlord | Discovered new exit (range 10) 48531 | -4/Warlord | Destroyed 11 combat bots 48538 | -4/Warlord | Identified exit to Proximity Caves 48558 | -4/Warlord | Entered Proximity Caves 49564 | -3/Proximity Caves | Discovered exit to Research (range 16) 49706 | -3/Proximity Caves | Entered Research 49706 | -3/Research | Evolved 2 slots: Utility x2 49706 | -3/Research | Identified Ghost Barrier 49707 | -3/Research | Identified exit to Quarantine 49707 | -3/Research | Identified exit to Research 49709 | -3/Research | Loaded intel: 40 interactive machine locations 50267 | -3/Research | Spotted B-86 Titan 50319 | -3/Research | System corruption reached 10% 50889 | -3/Research | Destroyed 9 combat bots 51119 | -3/Research | System corruption reached 30% 51206 | -3/Research | First assault squad dispatched 51207 | -3/Research | Core integrity fell below 50% 51224 | -3/Research | Discovered exit to Research (range 15) 51234 | -3/Research | Spotted B-90 Cyclops 51237 | -3/Research | Entered Quarantine 51245 | -3/Quarantine | Found Alien Artifact 51247 | -3/Quarantine | Identified Matter Drive 51267 | -3/Quarantine | Lost 26 parts (3p4n13u6w) 51419 | -3/Quarantine | Found Alien Artifact 51419 | -3/Quarantine | Identified Subatomic Replicator 51443 | -3/Quarantine | Discovered exit to Research (range 16) 51449 | -3/Quarantine | Found Prototype Processor 51449 | -3/Quarantine | Identified Exp. Target Analyzer 51468 | -3/Quarantine | Found Alien Impact Weapon 51468 | -3/Quarantine | Identified Core Stripper 51545 | -3/Quarantine | Build established: Mutant 51570 | -3/Quarantine | Found Alien Artifact 51653 | -3/Quarantine | Found Alien Artifact 51653 | -3/Quarantine | Identified Phase Redirector 51702 | -3/Quarantine | Lost 3 parts (3u) 51736 | -3/Quarantine | Identified exit to Garrison 51736 | -3/Quarantine | Entered Garrison 51761 | -3/Garrison | Lost 4 parts (1p3u) 51799 | -3/Garrison | Identified Hpw. Transdimensional Reconstructor 51799 | -3/Garrison | Warped through subspace 51839 | -3/Garrison | Discovered exit to Research (range 15) 51853 | -3/Garrison | Entered Research 51853 | -2/Research | Warlord forces began assault on 0b10 51853 | -2/Research | Evolved 2 slots: Utility x2 51963 | -2/Research | Research machine network offline 52017 | -2/Research | Lost 4 parts (2n1u1w) 52154 | -2/Research | Core integrity fell below 50% 52162 | -2/Research | Discovered new exit (range 16) 52189 | -2/Research | Spotted Striker 52189 | -2/Research | Spotted Executioner 52212 | -2/Research | Discovered new exit (range 9) 52214 | -2/Research | Identified exit to Testing 52216 | -2/Research | Found Enh. Force Lance 52219 | -2/Research | Entered Testing 52381 | -2/Testing | Found Prototype Device 52381 | -2/Testing | Identified Exp. ECM Suite 52388 | -2/Testing | Found Prototype Launcher 52388 | -2/Testing | Identified Mni. Smartbomb Launcher 52411 | -2/Testing | Spotted Striker 52419 | -2/Testing | Found Prototype Device 52419 | -2/Testing | Identified Exp. Actuator Array 52472 | -2/Testing | Spotted Striker 52593 | -2/Testing | Warped through subspace 52594 | -2/Testing | Core integrity fell below 20% 52621 | -2/Testing | Destroyed by S-43 Plague with Heavy Machine Gun Last Messages --------------- 52587_ Field Propulsion Array destroyed. 52588_ Penetrated by Slug. 52588_ Cld. Q-thruster destroyed. 52588_ Penetrated by Slug. 52588_ Imp. Melee Analysis Suite destroyed. 52588_ Dropped Lgt. Quantum Reactor. 52589_ Dropped Faulty Exp. Q-thruster. 52589_ Dropped Exp. Actuator Array. 52590_ Dropped Hvy. Proton Missile Launcher. 52590_ Dropped Mni. Smartbomb Launcher. 52590_ Penetrated by Slug. 52591_ Enh. Force Lance destroyed. 52592_ Dropped Lrg. Storage Unit. 52592_ Dropped Enh. Nova Cannon. 52592_ Penetrated by Slug. 52592_ Slug penetrates G-73 Enforcer. 52593_ Imp. Hacking Suite destroyed. 52593_ Warped through subspace. 52617_ U-05 Engineer builds a Wall. 52617_ Hacking Suite destroyed. Map ----- +----------------------------------------------------+ | # ## #?# """"" #?????????????????????????? | | #####+### #?# """"" #?????????????????????????? | | #?# #?????????????????????????? | | #?# """"" #?????????????????????????? | | #?# """"" #?????????????????????????? | | ### """"" #?????????????????????????? | | + #?????????????????????????? | | # """"" #?????????????????????????? | | / """"" #?????????????????????????? | | # """"" #?????????????????????????? | | ######### # #?????????????????????????? | | ????????# # #?????????????????????????? | | ????????# # #?????????????????????????? | | ######### # #?????????????????????????? | | # ######+########?????????????????????? | | """ """ # # #?????????????????????? | | """ """ # # u #?????????????????????? | | "S """ # # " " " " #?????????????????????? | | """ # # """"""""" #?????????????????????? | | "" """ # # " " " " #?????????????????????? | | """ + % # #?????????????????????? | | """ # # s " " " " #?????????????????????? | | # k s""""""""" #?????????????????????? | | ######### # s" " " " #?????????????????????? | | # # sss #?????????????????????? | | """ ""# %# = s @ #?????????????????????? | | % """ ""# #####/######/##?????????????????????? | | """ ""# #?? ??????????????????????? | | T# #?? ??????????????????????? | | """ ""# #?? #?????????????????????? | | """ ""# #?# ?k #?????????????????????? | | """ # #?# #?# #?????????????????????? | | # #?# #?# #?????????????????????? | | ####""""# ### #?# R#?????????????????????? | | !% %! #?# ?????????????????????? | | #?# ?????????????????????? | | ! #?# ?????????????????????? | | ! = #?# ?????????????????????? | | ######## #####+###########?????????????????????? | | #??????# # #???????????????????????????? | | #??????# + #???????????????????????????? | | #??????### #???????????????????????????? | | ###????????# #???????????????????????????? | | ???????????# #???????????????????????????? | | ???????????# = #???????????????????????????? | | #####??????# #???????????????????????????? | | #??????# #???????????????????????????? | | " #??????###########???????????????????????????? | | " #????????????????????????????????????????????? | | "" #????????????????????????????????????????????? | +----------------------------------------------------+ Best States ------------- Heat Dissipation 108 Energy Generation 65 Energy Capacity 1865 Matter Stores 500 Matter Capacity 500 Sight Range 22 Robot Scan Range 30 Terrain Scan Range 16 Terrain Scan Density 10 Additional Mass Support 12 EM Shielding 2 Heat Shielding 100 Armor Coverage 1425 Resistance: KI 20 Resistance: TH 30 Resistance: EX 15 Resistance: EM 90 Resistance: I 15 Resistance: S 15 Resistance: P 15 Core Shielding 40 Utility Shielding 90 Weapon Shielding 100 Phase Shifting 5 Evasion (%) 64 Targeting Accuracy 24 Melee Accuracy 6 Target Analysis 8 Core Analysis 10 Armor Integrity Analysis 50 Recoil Reduction 4 Particle Charging 30 Salvage Targeting 4 Offensive Hacking 36 Defensive Hacking 71 Item Schematics ----------------- Hcp. Storage Unit | -10/Materials | Hacked Lrg. Storage Unit | -10/Materials | Hacked Med. Storage Unit | -10/Materials | Hacked Exp. Sensor Array | -8/Materials | Scanalyzed System Shield | -8/Materials | Scanalyzed Adv. Weight Redist. System | -8/Materials | Scanalyzed Imp. Weapon Shielding | -8/Materials | Scanalyzed Prc. Beam Rifle | -8/Materials | Scanalyzed Shock Bomb Launcher | -8/Materials | Scanalyzed Armor Integrity Analyzer | -7/Factory | Scanalyzed Combat Drone Bay | -7/Data Miner | Free Lgt. Regenerative Plating | -7/Data Miner | Free Cmb. Gravmag System | -7/Data Miner | Free Exp. Terrain Scanner | -7/Data Miner | Free Cloaking Device | -7/Data Miner | Free Kinetic Spear | -7/Data Miner | Free Imp. Heavy Siege Treads | -5/Factory | Hacked Mic. Fission Core | -5/Factory | Hacked Exp. Signal Interpreter | -5/Factory | Hacked Cld. Plasma Rifle | -5/Factory | Scanalyzed Assault Drone Bay | -5/Zhirov | Free Exp. Heat Sink | -5/Zhirov | Free Exp. Optical Array | -5/Zhirov | Free Imp. Arc Thrower | -5/Zhirov | Free Exp. Utility Shielding | -4/Factory | Scanalyzed Exp. Thermal Shield | -4/Factory | Scanalyzed Lrn. Tractor Beam | -4/Factory | Scanalyzed Adv. Cooling System | -4/Factory | Scanalyzed Phasing Sabre | -4/Factory | Scanalyzed Hvy. Shock Bomb Launcher | -4/Factory | Scanalyzed Cld. Q-thruster | -4/Factory | Hacked Exp. Targeting Computer | -4/Factory | Hacked Spk. Heavy Treads | -3/Research | Scanalyzed Force Lance | -3/Research | Scanalyzed Robot Schematics ------------------ G-50 Soldier | -6/Factory | Hacked Fabricated ------------ System Shield | x1 | -7/Factory Cmb. Gravmag System | x2 | -6/Factory Phase Shifter | x1 | -6/Factory | Preloaded Kinetic Spear | x1 | -6/Factory Imp. Heavy Siege Treads | x2 | -5/Factory Imp. Heavy Siege Treads | x2 | -5/Factory Mic. Fission Core | x2 | -5/Factory Lgt. Regenerative Plating | x1 | -5/Factory Fusion Bomb Launcher | x1 | -4/Factory | Preloaded Exp. Signal Interpreter | x1 | -4/Factory Cld. Q-thruster | x1 | -4/Factory Alien Tech Used ----------------- Core Expander Integrated Reactor Matter Drive Subatomic Replicator Core Stripper Phase Redirector High-powered Transdimensional Reconstructor Transdimensional Reconstructor Achievements -------------- None Challenges ------------ None Game ------ Seed ReclamationRefineryGravjet Manual? 0 Play Time 06:33:55 Cumulative 482.3 hours Start 2021.08.13 @ 10:19:46 End 2021.08.13 @ 19:29:28 Sessions 5 Manual Loads 0 Difficulty Rogue Special Mode None Game No. 376 Rogue 376 Adventurer 0 Explorer 0 Win Type - Total 3 Types 2/0/0/1/0/0/0/0/0 Lore% 74 Gallery% 84 Achievement% 66 Wizard Run 0 Options --------- ASCII 0 Keyboard 1 Movement Numpad Keybinds 0 Fullscreen 1 Font 12/Terminus Map View 83x54 Tactical HUD 1 Map Filters NONE Filters NONE Steam 1 RUN: 09eda7d5-ef08-42c9-9367-d0475da69851